%YAML 1.1
%TAG !u! tag:unity3d.com,2011:
--- !u!1 &1515973508566041710
GameObject:
  m_ObjectHideFlags: 0
  m_CorrespondingSourceObject: {fileID: 0}
  m_PrefabInstance: {fileID: 0}
  m_PrefabAsset: {fileID: 0}
  serializedVersion: 6
  m_Component:
  - component: {fileID: 5986814790611671401}
  - component: {fileID: 4889227548756482643}
  - component: {fileID: 4567155886770899548}
  m_Layer: 12
  m_Name: GroundFull
  m_TagString: Untagged
  m_Icon: {fileID: 0}
  m_NavMeshLayer: 0
  m_StaticEditorFlags: 0
  m_IsActive: 1
--- !u!4 &5986814790611671401
Transform:
  m_ObjectHideFlags: 0
  m_CorrespondingSourceObject: {fileID: 0}
  m_PrefabInstance: {fileID: 0}
  m_PrefabAsset: {fileID: 0}
  m_GameObject: {fileID: 1515973508566041710}
  m_LocalRotation: {x: 0, y: 0, z: 0, w: 1}
  m_LocalPosition: {x: 0, y: 0, z: 0}
  m_LocalScale: {x: 1, y: 1, z: 1}
  m_Children:
  - {fileID: 3124409310019445448}
  - {fileID: 1163863676973618030}
  - {fileID: 4688983976218248635}
  - {fileID: 4527651426778679404}
  - {fileID: 7812392103679553351}
  - {fileID: 4641006806631148482}
  - {fileID: 4094724515926080544}
  - {fileID: 2902134230325477209}
  - {fileID: 3397681499492840517}
  - {fileID: 7412878547046166500}
  - {fileID: 8876197519869086138}
  - {fileID: 6711784313209040956}
  - {fileID: 8373684994268887285}
  - {fileID: 5114637717150746371}
  - {fileID: 3726177482229381784}
  - {fileID: 289991610112784493}
  - {fileID: 6617460902597708460}
  - {fileID: 1684489139915229861}
  - {fileID: 547744174077541934}
  - {fileID: 2018001900371322834}
  - {fileID: 5173656126665113508}
  - {fileID: 6493637324256744617}
  - {fileID: 8951154442840234685}
  - {fileID: 8951154443355477203}
  m_Father: {fileID: 0}
  m_RootOrder: 0
  m_LocalEulerAnglesHint: {x: 0, y: 0, z: 0}
--- !u!114 &4889227548756482643
MonoBehaviour:
  m_ObjectHideFlags: 0
  m_CorrespondingSourceObject: {fileID: 0}
  m_PrefabInstance: {fileID: 0}
  m_PrefabAsset: {fileID: 0}
  m_GameObject: {fileID: 1515973508566041710}
  m_Enabled: 1
  m_EditorHideFlags: 0
  m_Script: {fileID: 11500000, guid: 7a5ac11cc976e418e8d13136b07e1f52, type: 3}
  m_Name: 
  m_EditorClassIdentifier: 
  m_AgentTypeID: 0
  m_CollectObjects: 2
  m_Size: {x: 10, y: 10, z: 10}
  m_Center: {x: 0, y: 2, z: 0}
  m_LayerMask:
    serializedVersion: 2
    m_Bits: 4096
  m_UseGeometry: 0
  m_DefaultArea: 0
  m_IgnoreNavMeshAgent: 1
  m_IgnoreNavMeshObstacle: 1
  m_OverrideTileSize: 0
  m_TileSize: 256
  m_OverrideVoxelSize: 1
  m_VoxelSize: 0.08
  m_BuildHeightMesh: 0
  m_NavMeshData: {fileID: 0}
--- !u!114 &4567155886770899548
MonoBehaviour:
  m_ObjectHideFlags: 0
  m_CorrespondingSourceObject: {fileID: 0}
  m_PrefabInstance: {fileID: 0}
  m_PrefabAsset: {fileID: 0}
  m_GameObject: {fileID: 1515973508566041710}
  m_Enabled: 1
  m_EditorHideFlags: 0
  m_Script: {fileID: 11500000, guid: 6f717bb34da2d524e93584aa390ea95e, type: 3}
  m_Name: 
  m_EditorClassIdentifier: 
--- !u!1001 &250857403
PrefabInstance:
  m_ObjectHideFlags: 0
  serializedVersion: 2
  m_Modification:
    m_TransformParent: {fileID: 5986814790611671401}
    m_Modifications:
    - target: {fileID: 7814817750950012521, guid: 5ba920a70f482f441ad14b3bc2775865, type: 3}
      propertyPath: m_Materials.Array.data[0]
      value: 
      objectReference: {fileID: 2100000, guid: c42ff561d1ea6a246a8685bc488e1f53, type: 2}
    - target: {fileID: 8607279554549335996, guid: 5ba920a70f482f441ad14b3bc2775865, type: 3}
      propertyPath: m_Name
      value: Rock01 (5)
      objectReference: {fileID: 0}
    - target: {fileID: 8607279554549335996, guid: 5ba920a70f482f441ad14b3bc2775865, type: 3}
      propertyPath: m_Layer
      value: 12
      objectReference: {fileID: 0}
    - target: {fileID: 8607279554549335996, guid: 5ba920a70f482f441ad14b3bc2775865, type: 3}
      propertyPath: m_IsActive
      value: 1
      objectReference: {fileID: 0}
    - target: {fileID: 8951154442616773894, guid: 5ba920a70f482f441ad14b3bc2775865, type: 3}
      propertyPath: m_RootOrder
      value: 22
      objectReference: {fileID: 0}
    - target: {fileID: 8951154442616773894, guid: 5ba920a70f482f441ad14b3bc2775865, type: 3}
      propertyPath: m_LocalScale.x
      value: 2.4651203
      objectReference: {fileID: 0}
    - target: {fileID: 8951154442616773894, guid: 5ba920a70f482f441ad14b3bc2775865, type: 3}
      propertyPath: m_LocalScale.y
      value: 3.373024
      objectReference: {fileID: 0}
    - target: {fileID: 8951154442616773894, guid: 5ba920a70f482f441ad14b3bc2775865, type: 3}
      propertyPath: m_LocalScale.z
      value: 2.4651203
      objectReference: {fileID: 0}
    - target: {fileID: 8951154442616773894, guid: 5ba920a70f482f441ad14b3bc2775865, type: 3}
      propertyPath: m_LocalPosition.x
      value: -77.38802
      objectReference: {fileID: 0}
    - target: {fileID: 8951154442616773894, guid: 5ba920a70f482f441ad14b3bc2775865, type: 3}
      propertyPath: m_LocalPosition.y
      value: -3.8500001
      objectReference: {fileID: 0}
    - target: {fileID: 8951154442616773894, guid: 5ba920a70f482f441ad14b3bc2775865, type: 3}
      propertyPath: m_LocalPosition.z
      value: -11.843811
      objectReference: {fileID: 0}
    - target: {fileID: 8951154442616773894, guid: 5ba920a70f482f441ad14b3bc2775865, type: 3}
      propertyPath: m_LocalRotation.w
      value: -0.9785341
      objectReference: {fileID: 0}
    - target: {fileID: 8951154442616773894, guid: 5ba920a70f482f441ad14b3bc2775865, type: 3}
      propertyPath: m_LocalRotation.x
      value: -0.00000016173755
      objectReference: {fileID: 0}
    - target: {fileID: 8951154442616773894, guid: 5ba920a70f482f441ad14b3bc2775865, type: 3}
      propertyPath: m_LocalRotation.y
      value: -0.20608515
      objectReference: {fileID: 0}
    - target: {fileID: 8951154442616773894, guid: 5ba920a70f482f441ad14b3bc2775865, type: 3}
      propertyPath: m_LocalRotation.z
      value: -0.000000033102275
      objectReference: {fileID: 0}
    - target: {fileID: 8951154442616773894, guid: 5ba920a70f482f441ad14b3bc2775865, type: 3}
      propertyPath: m_LocalEulerAnglesHint.x
      value: 0
      objectReference: {fileID: 0}
    - target: {fileID: 8951154442616773894, guid: 5ba920a70f482f441ad14b3bc2775865, type: 3}
      propertyPath: m_LocalEulerAnglesHint.y
      value: -336.214
      objectReference: {fileID: 0}
    - target: {fileID: 8951154442616773894, guid: 5ba920a70f482f441ad14b3bc2775865, type: 3}
      propertyPath: m_LocalEulerAnglesHint.z
      value: 0
      objectReference: {fileID: 0}
    m_RemovedComponents: []
  m_SourcePrefab: {fileID: 100100000, guid: 5ba920a70f482f441ad14b3bc2775865, type: 3}
--- !u!4 &8951154442840234685 stripped
Transform:
  m_CorrespondingSourceObject: {fileID: 8951154442616773894, guid: 5ba920a70f482f441ad14b3bc2775865, type: 3}
  m_PrefabInstance: {fileID: 250857403}
  m_PrefabAsset: {fileID: 0}
--- !u!1001 &738838997
PrefabInstance:
  m_ObjectHideFlags: 0
  serializedVersion: 2
  m_Modification:
    m_TransformParent: {fileID: 5986814790611671401}
    m_Modifications:
    - target: {fileID: 7814817750950012521, guid: 5ba920a70f482f441ad14b3bc2775865, type: 3}
      propertyPath: m_Materials.Array.data[0]
      value: 
      objectReference: {fileID: 2100000, guid: c42ff561d1ea6a246a8685bc488e1f53, type: 2}
    - target: {fileID: 8607279554549335996, guid: 5ba920a70f482f441ad14b3bc2775865, type: 3}
      propertyPath: m_Name
      value: Rock01 (6)
      objectReference: {fileID: 0}
    - target: {fileID: 8607279554549335996, guid: 5ba920a70f482f441ad14b3bc2775865, type: 3}
      propertyPath: m_Layer
      value: 12
      objectReference: {fileID: 0}
    - target: {fileID: 8607279554549335996, guid: 5ba920a70f482f441ad14b3bc2775865, type: 3}
      propertyPath: m_IsActive
      value: 1
      objectReference: {fileID: 0}
    - target: {fileID: 8951154442616773894, guid: 5ba920a70f482f441ad14b3bc2775865, type: 3}
      propertyPath: m_RootOrder
      value: 23
      objectReference: {fileID: 0}
    - target: {fileID: 8951154442616773894, guid: 5ba920a70f482f441ad14b3bc2775865, type: 3}
      propertyPath: m_LocalScale.x
      value: 2.4651203
      objectReference: {fileID: 0}
    - target: {fileID: 8951154442616773894, guid: 5ba920a70f482f441ad14b3bc2775865, type: 3}
      propertyPath: m_LocalScale.y
      value: 3.373024
      objectReference: {fileID: 0}
    - target: {fileID: 8951154442616773894, guid: 5ba920a70f482f441ad14b3bc2775865, type: 3}
      propertyPath: m_LocalScale.z
      value: 2.4651203
      objectReference: {fileID: 0}
    - target: {fileID: 8951154442616773894, guid: 5ba920a70f482f441ad14b3bc2775865, type: 3}
      propertyPath: m_LocalPosition.x
      value: 83.53803
      objectReference: {fileID: 0}
    - target: {fileID: 8951154442616773894, guid: 5ba920a70f482f441ad14b3bc2775865, type: 3}
      propertyPath: m_LocalPosition.y
      value: -3.8500006
      objectReference: {fileID: 0}
    - target: {fileID: 8951154442616773894, guid: 5ba920a70f482f441ad14b3bc2775865, type: 3}
      propertyPath: m_LocalPosition.z
      value: -11.125532
      objectReference: {fileID: 0}
    - target: {fileID: 8951154442616773894, guid: 5ba920a70f482f441ad14b3bc2775865, type: 3}
      propertyPath: m_LocalRotation.w
      value: 0.6367391
      objectReference: {fileID: 0}
    - target: {fileID: 8951154442616773894, guid: 5ba920a70f482f441ad14b3bc2775865, type: 3}
      propertyPath: m_LocalRotation.x
      value: 0.000000045752266
      objectReference: {fileID: 0}
    - target: {fileID: 8951154442616773894, guid: 5ba920a70f482f441ad14b3bc2775865, type: 3}
      propertyPath: m_LocalRotation.y
      value: -0.77107936
      objectReference: {fileID: 0}
    - target: {fileID: 8951154442616773894, guid: 5ba920a70f482f441ad14b3bc2775865, type: 3}
      propertyPath: m_LocalRotation.z
      value: 0.00000015862398
      objectReference: {fileID: 0}
    - target: {fileID: 8951154442616773894, guid: 5ba920a70f482f441ad14b3bc2775865, type: 3}
      propertyPath: m_LocalEulerAnglesHint.x
      value: 0
      objectReference: {fileID: 0}
    - target: {fileID: 8951154442616773894, guid: 5ba920a70f482f441ad14b3bc2775865, type: 3}
      propertyPath: m_LocalEulerAnglesHint.y
      value: -100.902
      objectReference: {fileID: 0}
    - target: {fileID: 8951154442616773894, guid: 5ba920a70f482f441ad14b3bc2775865, type: 3}
      propertyPath: m_LocalEulerAnglesHint.z
      value: 0
      objectReference: {fileID: 0}
    m_RemovedComponents: []
  m_SourcePrefab: {fileID: 100100000, guid: 5ba920a70f482f441ad14b3bc2775865, type: 3}
--- !u!4 &8951154443355477203 stripped
Transform:
  m_CorrespondingSourceObject: {fileID: 8951154442616773894, guid: 5ba920a70f482f441ad14b3bc2775865, type: 3}
  m_PrefabInstance: {fileID: 738838997}
  m_PrefabAsset: {fileID: 0}
--- !u!1001 &194698392194127855
PrefabInstance:
  m_ObjectHideFlags: 0
  serializedVersion: 2
  m_Modification:
    m_TransformParent: {fileID: 5986814790611671401}
    m_Modifications:
    - target: {fileID: 372197104409143745, guid: 07f4a80f6fe43da4eaa2fbe0583953a5, type: 3}
      propertyPath: m_RootOrder
      value: 18
      objectReference: {fileID: 0}
    - target: {fileID: 372197104409143745, guid: 07f4a80f6fe43da4eaa2fbe0583953a5, type: 3}
      propertyPath: m_LocalScale.x
      value: 2.0070431
      objectReference: {fileID: 0}
    - target: {fileID: 372197104409143745, guid: 07f4a80f6fe43da4eaa2fbe0583953a5, type: 3}
      propertyPath: m_LocalScale.y
      value: 0.18674548
      objectReference: {fileID: 0}
    - target: {fileID: 372197104409143745, guid: 07f4a80f6fe43da4eaa2fbe0583953a5, type: 3}
      propertyPath: m_LocalScale.z
      value: 1.5801
      objectReference: {fileID: 0}
    - target: {fileID: 372197104409143745, guid: 07f4a80f6fe43da4eaa2fbe0583953a5, type: 3}
      propertyPath: m_LocalPosition.x
      value: 83.22536
      objectReference: {fileID: 0}
    - target: {fileID: 372197104409143745, guid: 07f4a80f6fe43da4eaa2fbe0583953a5, type: 3}
      propertyPath: m_LocalPosition.y
      value: -6.999998
      objectReference: {fileID: 0}
    - target: {fileID: 372197104409143745, guid: 07f4a80f6fe43da4eaa2fbe0583953a5, type: 3}
      propertyPath: m_LocalPosition.z
      value: 30.50511
      objectReference: {fileID: 0}
    - target: {fileID: 372197104409143745, guid: 07f4a80f6fe43da4eaa2fbe0583953a5, type: 3}
      propertyPath: m_LocalRotation.w
      value: 0.5836064
      objectReference: {fileID: 0}
    - target: {fileID: 372197104409143745, guid: 07f4a80f6fe43da4eaa2fbe0583953a5, type: 3}
      propertyPath: m_LocalRotation.x
      value: -0.000000020094815
      objectReference: {fileID: 0}
    - target: {fileID: 372197104409143745, guid: 07f4a80f6fe43da4eaa2fbe0583953a5, type: 3}
      propertyPath: m_LocalRotation.y
      value: -0.81203675
      objectReference: {fileID: 0}
    - target: {fileID: 372197104409143745, guid: 07f4a80f6fe43da4eaa2fbe0583953a5, type: 3}
      propertyPath: m_LocalRotation.z
      value: 0.000000097053984
      objectReference: {fileID: 0}
    - target: {fileID: 372197104409143745, guid: 07f4a80f6fe43da4eaa2fbe0583953a5, type: 3}
      propertyPath: m_LocalEulerAnglesHint.x
      value: 0
      objectReference: {fileID: 0}
    - target: {fileID: 372197104409143745, guid: 07f4a80f6fe43da4eaa2fbe0583953a5, type: 3}
      propertyPath: m_LocalEulerAnglesHint.y
      value: 611.409
      objectReference: {fileID: 0}
    - target: {fileID: 372197104409143745, guid: 07f4a80f6fe43da4eaa2fbe0583953a5, type: 3}
      propertyPath: m_LocalEulerAnglesHint.z
      value: 0
      objectReference: {fileID: 0}
    - target: {fileID: 1036285207919735675, guid: 07f4a80f6fe43da4eaa2fbe0583953a5, type: 3}
      propertyPath: m_Name
      value: Rock07 (2)
      objectReference: {fileID: 0}
    - target: {fileID: 1036285207919735675, guid: 07f4a80f6fe43da4eaa2fbe0583953a5, type: 3}
      propertyPath: m_Layer
      value: 12
      objectReference: {fileID: 0}
    - target: {fileID: 1036285207919735675, guid: 07f4a80f6fe43da4eaa2fbe0583953a5, type: 3}
      propertyPath: m_IsActive
      value: 1
      objectReference: {fileID: 0}
    - target: {fileID: 1540622051195458222, guid: 07f4a80f6fe43da4eaa2fbe0583953a5, type: 3}
      propertyPath: m_Materials.Array.data[0]
      value: 
      objectReference: {fileID: 2100000, guid: c42ff561d1ea6a246a8685bc488e1f53, type: 2}
    m_RemovedComponents: []
  m_SourcePrefab: {fileID: 100100000, guid: 07f4a80f6fe43da4eaa2fbe0583953a5, type: 3}
--- !u!4 &547744174077541934 stripped
Transform:
  m_CorrespondingSourceObject: {fileID: 372197104409143745, guid: 07f4a80f6fe43da4eaa2fbe0583953a5, type: 3}
  m_PrefabInstance: {fileID: 194698392194127855}
  m_PrefabAsset: {fileID: 0}
--- !u!1001 &492075470206343991
PrefabInstance:
  m_ObjectHideFlags: 0
  serializedVersion: 2
  m_Modification:
    m_TransformParent: {fileID: 5986814790611671401}
    m_Modifications:
    - target: {fileID: 203354526454424410, guid: ae8f0a68335e3dc44932485c576f79f5, type: 3}
      propertyPath: m_RootOrder
      value: 15
      objectReference: {fileID: 0}
    - target: {fileID: 203354526454424410, guid: ae8f0a68335e3dc44932485c576f79f5, type: 3}
      propertyPath: m_LocalPosition.x
      value: 91.3
      objectReference: {fileID: 0}
    - target: {fileID: 203354526454424410, guid: ae8f0a68335e3dc44932485c576f79f5, type: 3}
      propertyPath: m_LocalPosition.y
      value: 9.3
      objectReference: {fileID: 0}
    - target: {fileID: 203354526454424410, guid: ae8f0a68335e3dc44932485c576f79f5, type: 3}
      propertyPath: m_LocalPosition.z
      value: 104.6
      objectReference: {fileID: 0}
    - target: {fileID: 203354526454424410, guid: ae8f0a68335e3dc44932485c576f79f5, type: 3}
      propertyPath: m_LocalRotation.w
      value: 0.60881704
      objectReference: {fileID: 0}
    - target: {fileID: 203354526454424410, guid: ae8f0a68335e3dc44932485c576f79f5, type: 3}
      propertyPath: m_LocalRotation.x
      value: 0.000000013306018
      objectReference: {fileID: 0}
    - target: {fileID: 203354526454424410, guid: ae8f0a68335e3dc44932485c576f79f5, type: 3}
      propertyPath: m_LocalRotation.y
      value: 0.79331064
      objectReference: {fileID: 0}
    - target: {fileID: 203354526454424410, guid: ae8f0a68335e3dc44932485c576f79f5, type: 3}
      propertyPath: m_LocalRotation.z
      value: -0.00000014658498
      objectReference: {fileID: 0}
    - target: {fileID: 203354526454424410, guid: ae8f0a68335e3dc44932485c576f79f5, type: 3}
      propertyPath: m_LocalEulerAnglesHint.x
      value: 0
      objectReference: {fileID: 0}
    - target: {fileID: 203354526454424410, guid: ae8f0a68335e3dc44932485c576f79f5, type: 3}
      propertyPath: m_LocalEulerAnglesHint.y
      value: 104.992
      objectReference: {fileID: 0}
    - target: {fileID: 203354526454424410, guid: ae8f0a68335e3dc44932485c576f79f5, type: 3}
      propertyPath: m_LocalEulerAnglesHint.z
      value: 0
      objectReference: {fileID: 0}
    - target: {fileID: 691765926059112928, guid: ae8f0a68335e3dc44932485c576f79f5, type: 3}
      propertyPath: m_Name
      value: Rock10
      objectReference: {fileID: 0}
    - target: {fileID: 691765926059112928, guid: ae8f0a68335e3dc44932485c576f79f5, type: 3}
      propertyPath: m_Layer
      value: 12
      objectReference: {fileID: 0}
    - target: {fileID: 691765926059112928, guid: ae8f0a68335e3dc44932485c576f79f5, type: 3}
      propertyPath: m_IsActive
      value: 1
      objectReference: {fileID: 0}
    m_RemovedComponents: []
  m_SourcePrefab: {fileID: 100100000, guid: ae8f0a68335e3dc44932485c576f79f5, type: 3}
--- !u!4 &289991610112784493 stripped
Transform:
  m_CorrespondingSourceObject: {fileID: 203354526454424410, guid: ae8f0a68335e3dc44932485c576f79f5, type: 3}
  m_PrefabInstance: {fileID: 492075470206343991}
  m_PrefabAsset: {fileID: 0}
--- !u!1001 &580310866914665971
PrefabInstance:
  m_ObjectHideFlags: 0
  serializedVersion: 2
  m_Modification:
    m_TransformParent: {fileID: 5986814790611671401}
    m_Modifications:
    - target: {fileID: 7814817750950012521, guid: 5ba920a70f482f441ad14b3bc2775865, type: 3}
      propertyPath: m_Materials.Array.data[0]
      value: 
      objectReference: {fileID: 2100000, guid: c42ff561d1ea6a246a8685bc488e1f53, type: 2}
    - target: {fileID: 8607279554549335996, guid: 5ba920a70f482f441ad14b3bc2775865, type: 3}
      propertyPath: m_Name
      value: Rock01 (2)
      objectReference: {fileID: 0}
    - target: {fileID: 8607279554549335996, guid: 5ba920a70f482f441ad14b3bc2775865, type: 3}
      propertyPath: m_Layer
      value: 12
      objectReference: {fileID: 0}
    - target: {fileID: 8607279554549335996, guid: 5ba920a70f482f441ad14b3bc2775865, type: 3}
      propertyPath: m_IsActive
      value: 1
      objectReference: {fileID: 0}
    - target: {fileID: 8951154442616773894, guid: 5ba920a70f482f441ad14b3bc2775865, type: 3}
      propertyPath: m_RootOrder
      value: 12
      objectReference: {fileID: 0}
    - target: {fileID: 8951154442616773894, guid: 5ba920a70f482f441ad14b3bc2775865, type: 3}
      propertyPath: m_LocalScale.x
      value: 2.361
      objectReference: {fileID: 0}
    - target: {fileID: 8951154442616773894, guid: 5ba920a70f482f441ad14b3bc2775865, type: 3}
      propertyPath: m_LocalScale.y
      value: 1.7234048
      objectReference: {fileID: 0}
    - target: {fileID: 8951154442616773894, guid: 5ba920a70f482f441ad14b3bc2775865, type: 3}
      propertyPath: m_LocalScale.z
      value: 2.361
      objectReference: {fileID: 0}
    - target: {fileID: 8951154442616773894, guid: 5ba920a70f482f441ad14b3bc2775865, type: 3}
      propertyPath: m_LocalPosition.x
      value: 80.5
      objectReference: {fileID: 0}
    - target: {fileID: 8951154442616773894, guid: 5ba920a70f482f441ad14b3bc2775865, type: 3}
      propertyPath: m_LocalPosition.y
      value: -1.6
      objectReference: {fileID: 0}
    - target: {fileID: 8951154442616773894, guid: 5ba920a70f482f441ad14b3bc2775865, type: 3}
      propertyPath: m_LocalPosition.z
      value: 68.2
      objectReference: {fileID: 0}
    - target: {fileID: 8951154442616773894, guid: 5ba920a70f482f441ad14b3bc2775865, type: 3}
      propertyPath: m_LocalRotation.w
      value: -0.23147358
      objectReference: {fileID: 0}
    - target: {fileID: 8951154442616773894, guid: 5ba920a70f482f441ad14b3bc2775865, type: 3}
      propertyPath: m_LocalRotation.x
      value: -0.0000000050590594
      objectReference: {fileID: 0}
    - target: {fileID: 8951154442616773894, guid: 5ba920a70f482f441ad14b3bc2775865, type: 3}
      propertyPath: m_LocalRotation.y
      value: -0.9728412
      objectReference: {fileID: 0}
    - target: {fileID: 8951154442616773894, guid: 5ba920a70f482f441ad14b3bc2775865, type: 3}
      propertyPath: m_LocalRotation.z
      value: 0.00000017975819
      objectReference: {fileID: 0}
    - target: {fileID: 8951154442616773894, guid: 5ba920a70f482f441ad14b3bc2775865, type: 3}
      propertyPath: m_LocalEulerAnglesHint.x
      value: 0
      objectReference: {fileID: 0}
    - target: {fileID: 8951154442616773894, guid: 5ba920a70f482f441ad14b3bc2775865, type: 3}
      propertyPath: m_LocalEulerAnglesHint.y
      value: -206.768
      objectReference: {fileID: 0}
    - target: {fileID: 8951154442616773894, guid: 5ba920a70f482f441ad14b3bc2775865, type: 3}
      propertyPath: m_LocalEulerAnglesHint.z
      value: 0
      objectReference: {fileID: 0}
    m_RemovedComponents: []
  m_SourcePrefab: {fileID: 100100000, guid: 5ba920a70f482f441ad14b3bc2775865, type: 3}
--- !u!4 &8373684994268887285 stripped
Transform:
  m_CorrespondingSourceObject: {fileID: 8951154442616773894, guid: 5ba920a70f482f441ad14b3bc2775865, type: 3}
  m_PrefabInstance: {fileID: 580310866914665971}
  m_PrefabAsset: {fileID: 0}
--- !u!1001 &661502269485677811
PrefabInstance:
  m_ObjectHideFlags: 0
  serializedVersion: 2
  m_Modification:
    m_TransformParent: {fileID: 5986814790611671401}
    m_Modifications:
    - target: {fileID: 2407265792866632618, guid: 14489bb77b687f64eb89689731fc20d0, type: 3}
      propertyPath: m_RootOrder
      value: 7
      objectReference: {fileID: 0}
    - target: {fileID: 2407265792866632618, guid: 14489bb77b687f64eb89689731fc20d0, type: 3}
      propertyPath: m_LocalScale.x
      value: 1.9891487
      objectReference: {fileID: 0}
    - target: {fileID: 2407265792866632618, guid: 14489bb77b687f64eb89689731fc20d0, type: 3}
      propertyPath: m_LocalScale.y
      value: 1.9891487
      objectReference: {fileID: 0}
    - target: {fileID: 2407265792866632618, guid: 14489bb77b687f64eb89689731fc20d0, type: 3}
      propertyPath: m_LocalScale.z
      value: 1.9891487
      objectReference: {fileID: 0}
    - target: {fileID: 2407265792866632618, guid: 14489bb77b687f64eb89689731fc20d0, type: 3}
      propertyPath: m_LocalPosition.x
      value: -101.4
      objectReference: {fileID: 0}
    - target: {fileID: 2407265792866632618, guid: 14489bb77b687f64eb89689731fc20d0, type: 3}
      propertyPath: m_LocalPosition.y
      value: -12
      objectReference: {fileID: 0}
    - target: {fileID: 2407265792866632618, guid: 14489bb77b687f64eb89689731fc20d0, type: 3}
      propertyPath: m_LocalPosition.z
      value: 107.9
      objectReference: {fileID: 0}
    - target: {fileID: 2407265792866632618, guid: 14489bb77b687f64eb89689731fc20d0, type: 3}
      propertyPath: m_LocalRotation.w
      value: 0.739666
      objectReference: {fileID: 0}
    - target: {fileID: 2407265792866632618, guid: 14489bb77b687f64eb89689731fc20d0, type: 3}
      propertyPath: m_LocalRotation.x
      value: 0.000000016165949
      objectReference: {fileID: 0}
    - target: {fileID: 2407265792866632618, guid: 14489bb77b687f64eb89689731fc20d0, type: 3}
      propertyPath: m_LocalRotation.y
      value: 0.67297417
      objectReference: {fileID: 0}
    - target: {fileID: 2407265792866632618, guid: 14489bb77b687f64eb89689731fc20d0, type: 3}
      propertyPath: m_LocalRotation.z
      value: -0.00000012434981
      objectReference: {fileID: 0}
    - target: {fileID: 2407265792866632618, guid: 14489bb77b687f64eb89689731fc20d0, type: 3}
      propertyPath: m_LocalEulerAnglesHint.x
      value: 0
      objectReference: {fileID: 0}
    - target: {fileID: 2407265792866632618, guid: 14489bb77b687f64eb89689731fc20d0, type: 3}
      propertyPath: m_LocalEulerAnglesHint.y
      value: 84.594
      objectReference: {fileID: 0}
    - target: {fileID: 2407265792866632618, guid: 14489bb77b687f64eb89689731fc20d0, type: 3}
      propertyPath: m_LocalEulerAnglesHint.z
      value: 0
      objectReference: {fileID: 0}
    - target: {fileID: 3036415534921128208, guid: 14489bb77b687f64eb89689731fc20d0, type: 3}
      propertyPath: m_Name
      value: Rock05 (1)
      objectReference: {fileID: 0}
    - target: {fileID: 3036415534921128208, guid: 14489bb77b687f64eb89689731fc20d0, type: 3}
      propertyPath: m_Layer
      value: 12
      objectReference: {fileID: 0}
    - target: {fileID: 3036415534921128208, guid: 14489bb77b687f64eb89689731fc20d0, type: 3}
      propertyPath: m_IsActive
      value: 1
      objectReference: {fileID: 0}
    - target: {fileID: 3540814088686549189, guid: 14489bb77b687f64eb89689731fc20d0, type: 3}
      propertyPath: m_Materials.Array.data[0]
      value: 
      objectReference: {fileID: 2100000, guid: c42ff561d1ea6a246a8685bc488e1f53, type: 2}
    m_RemovedComponents: []
  m_SourcePrefab: {fileID: 100100000, guid: 14489bb77b687f64eb89689731fc20d0, type: 3}
--- !u!4 &2902134230325477209 stripped
Transform:
  m_CorrespondingSourceObject: {fileID: 2407265792866632618, guid: 14489bb77b687f64eb89689731fc20d0, type: 3}
  m_PrefabInstance: {fileID: 661502269485677811}
  m_PrefabAsset: {fileID: 0}
--- !u!1001 &869839339681613392
PrefabInstance:
  m_ObjectHideFlags: 0
  serializedVersion: 2
  m_Modification:
    m_TransformParent: {fileID: 5986814790611671401}
    m_Modifications:
    - target: {fileID: 7027391313051824910, guid: 83475cb545909ac4db9a9cfacdb318c6, type: 3}
      propertyPath: m_Name
      value: Rock03 (1)
      objectReference: {fileID: 0}
    - target: {fileID: 7027391313051824910, guid: 83475cb545909ac4db9a9cfacdb318c6, type: 3}
      propertyPath: m_Layer
      value: 12
      objectReference: {fileID: 0}
    - target: {fileID: 7027391313051824910, guid: 83475cb545909ac4db9a9cfacdb318c6, type: 3}
      propertyPath: m_IsActive
      value: 1
      objectReference: {fileID: 0}
    - target: {fileID: 7695982737105021364, guid: 83475cb545909ac4db9a9cfacdb318c6, type: 3}
      propertyPath: m_RootOrder
      value: 9
      objectReference: {fileID: 0}
    - target: {fileID: 7695982737105021364, guid: 83475cb545909ac4db9a9cfacdb318c6, type: 3}
      propertyPath: m_LocalScale.x
      value: 3.9997663
      objectReference: {fileID: 0}
    - target: {fileID: 7695982737105021364, guid: 83475cb545909ac4db9a9cfacdb318c6, type: 3}
      propertyPath: m_LocalScale.y
      value: 2.2968657
      objectReference: {fileID: 0}
    - target: {fileID: 7695982737105021364, guid: 83475cb545909ac4db9a9cfacdb318c6, type: 3}
      propertyPath: m_LocalScale.z
      value: 3.9997663
      objectReference: {fileID: 0}
    - target: {fileID: 7695982737105021364, guid: 83475cb545909ac4db9a9cfacdb318c6, type: 3}
      propertyPath: m_LocalPosition.x
      value: -65.3
      objectReference: {fileID: 0}
    - target: {fileID: 7695982737105021364, guid: 83475cb545909ac4db9a9cfacdb318c6, type: 3}
      propertyPath: m_LocalPosition.y
      value: 1.2
      objectReference: {fileID: 0}
    - target: {fileID: 7695982737105021364, guid: 83475cb545909ac4db9a9cfacdb318c6, type: 3}
      propertyPath: m_LocalPosition.z
      value: 152.7
      objectReference: {fileID: 0}
    - target: {fileID: 7695982737105021364, guid: 83475cb545909ac4db9a9cfacdb318c6, type: 3}
      propertyPath: m_LocalRotation.w
      value: 0.9169835
      objectReference: {fileID: 0}
    - target: {fileID: 7695982737105021364, guid: 83475cb545909ac4db9a9cfacdb318c6, type: 3}
      propertyPath: m_LocalRotation.x
      value: 0.000000020041375
      objectReference: {fileID: 0}
    - target: {fileID: 7695982737105021364, guid: 83475cb545909ac4db9a9cfacdb318c6, type: 3}
      propertyPath: m_LocalRotation.y
      value: 0.3989251
      objectReference: {fileID: 0}
    - target: {fileID: 7695982737105021364, guid: 83475cb545909ac4db9a9cfacdb318c6, type: 3}
      propertyPath: m_LocalRotation.z
      value: -0.00000007371194
      objectReference: {fileID: 0}
    - target: {fileID: 7695982737105021364, guid: 83475cb545909ac4db9a9cfacdb318c6, type: 3}
      propertyPath: m_LocalEulerAnglesHint.x
      value: 0
      objectReference: {fileID: 0}
    - target: {fileID: 7695982737105021364, guid: 83475cb545909ac4db9a9cfacdb318c6, type: 3}
      propertyPath: m_LocalEulerAnglesHint.y
      value: 47.022
      objectReference: {fileID: 0}
    - target: {fileID: 7695982737105021364, guid: 83475cb545909ac4db9a9cfacdb318c6, type: 3}
      propertyPath: m_LocalEulerAnglesHint.z
      value: 0
      objectReference: {fileID: 0}
    - target: {fileID: 8828941321163051739, guid: 83475cb545909ac4db9a9cfacdb318c6, type: 3}
      propertyPath: m_Materials.Array.data[0]
      value: 
      objectReference: {fileID: 2100000, guid: c42ff561d1ea6a246a8685bc488e1f53, type: 2}
    m_RemovedComponents: []
  m_SourcePrefab: {fileID: 100100000, guid: 83475cb545909ac4db9a9cfacdb318c6, type: 3}
--- !u!4 &7412878547046166500 stripped
Transform:
  m_CorrespondingSourceObject: {fileID: 7695982737105021364, guid: 83475cb545909ac4db9a9cfacdb318c6, type: 3}
  m_PrefabInstance: {fileID: 869839339681613392}
  m_PrefabAsset: {fileID: 0}
--- !u!1001 &1318093138381431652
PrefabInstance:
  m_ObjectHideFlags: 0
  serializedVersion: 2
  m_Modification:
    m_TransformParent: {fileID: 5986814790611671401}
    m_Modifications:
    - target: {fileID: 372197104409143745, guid: 07f4a80f6fe43da4eaa2fbe0583953a5, type: 3}
      propertyPath: m_RootOrder
      value: 17
      objectReference: {fileID: 0}
    - target: {fileID: 372197104409143745, guid: 07f4a80f6fe43da4eaa2fbe0583953a5, type: 3}
      propertyPath: m_LocalScale.x
      value: 2.0070431
      objectReference: {fileID: 0}
    - target: {fileID: 372197104409143745, guid: 07f4a80f6fe43da4eaa2fbe0583953a5, type: 3}
      propertyPath: m_LocalScale.y
      value: 0.18674548
      objectReference: {fileID: 0}
    - target: {fileID: 372197104409143745, guid: 07f4a80f6fe43da4eaa2fbe0583953a5, type: 3}
      propertyPath: m_LocalScale.z
      value: 1.5801
      objectReference: {fileID: 0}
    - target: {fileID: 372197104409143745, guid: 07f4a80f6fe43da4eaa2fbe0583953a5, type: 3}
      propertyPath: m_LocalPosition.x
      value: -77.640305
      objectReference: {fileID: 0}
    - target: {fileID: 372197104409143745, guid: 07f4a80f6fe43da4eaa2fbe0583953a5, type: 3}
      propertyPath: m_LocalPosition.y
      value: -7.0000005
      objectReference: {fileID: 0}
    - target: {fileID: 372197104409143745, guid: 07f4a80f6fe43da4eaa2fbe0583953a5, type: 3}
      propertyPath: m_LocalPosition.z
      value: 40.15025
      objectReference: {fileID: 0}
    - target: {fileID: 372197104409143745, guid: 07f4a80f6fe43da4eaa2fbe0583953a5, type: 3}
      propertyPath: m_LocalRotation.w
      value: -0.63192296
      objectReference: {fileID: 0}
    - target: {fileID: 372197104409143745, guid: 07f4a80f6fe43da4eaa2fbe0583953a5, type: 3}
      propertyPath: m_LocalRotation.x
      value: -0.00000007353123
      objectReference: {fileID: 0}
    - target: {fileID: 372197104409143745, guid: 07f4a80f6fe43da4eaa2fbe0583953a5, type: 3}
      propertyPath: m_LocalRotation.y
      value: -0.7750312
      objectReference: {fileID: 0}
    - target: {fileID: 372197104409143745, guid: 07f4a80f6fe43da4eaa2fbe0583953a5, type: 3}
      propertyPath: m_LocalRotation.z
      value: 0.00000016111557
      objectReference: {fileID: 0}
    - target: {fileID: 372197104409143745, guid: 07f4a80f6fe43da4eaa2fbe0583953a5, type: 3}
      propertyPath: m_LocalEulerAnglesHint.x
      value: 0
      objectReference: {fileID: 0}
    - target: {fileID: 372197104409143745, guid: 07f4a80f6fe43da4eaa2fbe0583953a5, type: 3}
      propertyPath: m_LocalEulerAnglesHint.y
      value: 461.616
      objectReference: {fileID: 0}
    - target: {fileID: 372197104409143745, guid: 07f4a80f6fe43da4eaa2fbe0583953a5, type: 3}
      propertyPath: m_LocalEulerAnglesHint.z
      value: 0
      objectReference: {fileID: 0}
    - target: {fileID: 1036285207919735675, guid: 07f4a80f6fe43da4eaa2fbe0583953a5, type: 3}
      propertyPath: m_Name
      value: Rock07 (1)
      objectReference: {fileID: 0}
    - target: {fileID: 1036285207919735675, guid: 07f4a80f6fe43da4eaa2fbe0583953a5, type: 3}
      propertyPath: m_Layer
      value: 12
      objectReference: {fileID: 0}
    - target: {fileID: 1036285207919735675, guid: 07f4a80f6fe43da4eaa2fbe0583953a5, type: 3}
      propertyPath: m_IsActive
      value: 1
      objectReference: {fileID: 0}
    - target: {fileID: 1540622051195458222, guid: 07f4a80f6fe43da4eaa2fbe0583953a5, type: 3}
      propertyPath: m_Materials.Array.data[0]
      value: 
      objectReference: {fileID: 2100000, guid: c42ff561d1ea6a246a8685bc488e1f53, type: 2}
    m_RemovedComponents: []
  m_SourcePrefab: {fileID: 100100000, guid: 07f4a80f6fe43da4eaa2fbe0583953a5, type: 3}
--- !u!4 &1684489139915229861 stripped
Transform:
  m_CorrespondingSourceObject: {fileID: 372197104409143745, guid: 07f4a80f6fe43da4eaa2fbe0583953a5, type: 3}
  m_PrefabInstance: {fileID: 1318093138381431652}
  m_PrefabAsset: {fileID: 0}
--- !u!1001 &1854129802661379978
PrefabInstance:
  m_ObjectHideFlags: 0
  serializedVersion: 2
  m_Modification:
    m_TransformParent: {fileID: 5986814790611671401}
    m_Modifications:
    - target: {fileID: 2407265792866632618, guid: 14489bb77b687f64eb89689731fc20d0, type: 3}
      propertyPath: m_RootOrder
      value: 6
      objectReference: {fileID: 0}
    - target: {fileID: 2407265792866632618, guid: 14489bb77b687f64eb89689731fc20d0, type: 3}
      propertyPath: m_LocalScale.x
      value: 1.9891487
      objectReference: {fileID: 0}
    - target: {fileID: 2407265792866632618, guid: 14489bb77b687f64eb89689731fc20d0, type: 3}
      propertyPath: m_LocalScale.y
      value: 1.9891487
      objectReference: {fileID: 0}
    - target: {fileID: 2407265792866632618, guid: 14489bb77b687f64eb89689731fc20d0, type: 3}
      propertyPath: m_LocalScale.z
      value: 1.9891487
      objectReference: {fileID: 0}
    - target: {fileID: 2407265792866632618, guid: 14489bb77b687f64eb89689731fc20d0, type: 3}
      propertyPath: m_LocalPosition.x
      value: -36.323704
      objectReference: {fileID: 0}
    - target: {fileID: 2407265792866632618, guid: 14489bb77b687f64eb89689731fc20d0, type: 3}
      propertyPath: m_LocalPosition.y
      value: -5.040496
      objectReference: {fileID: 0}
    - target: {fileID: 2407265792866632618, guid: 14489bb77b687f64eb89689731fc20d0, type: 3}
      propertyPath: m_LocalPosition.z
      value: 135.81241
      objectReference: {fileID: 0}
    - target: {fileID: 2407265792866632618, guid: 14489bb77b687f64eb89689731fc20d0, type: 3}
      propertyPath: m_LocalRotation.w
      value: 0.6857897
      objectReference: {fileID: 0}
    - target: {fileID: 2407265792866632618, guid: 14489bb77b687f64eb89689731fc20d0, type: 3}
      propertyPath: m_LocalRotation.x
      value: 0.000000014988421
      objectReference: {fileID: 0}
    - target: {fileID: 2407265792866632618, guid: 14489bb77b687f64eb89689731fc20d0, type: 3}
      propertyPath: m_LocalRotation.y
      value: 0.7277998
      objectReference: {fileID: 0}
    - target: {fileID: 2407265792866632618, guid: 14489bb77b687f64eb89689731fc20d0, type: 3}
      propertyPath: m_LocalRotation.z
      value: -0.00000013448019
      objectReference: {fileID: 0}
    - target: {fileID: 2407265792866632618, guid: 14489bb77b687f64eb89689731fc20d0, type: 3}
      propertyPath: m_LocalEulerAnglesHint.x
      value: 0
      objectReference: {fileID: 0}
    - target: {fileID: 2407265792866632618, guid: 14489bb77b687f64eb89689731fc20d0, type: 3}
      propertyPath: m_LocalEulerAnglesHint.y
      value: 93.405
      objectReference: {fileID: 0}
    - target: {fileID: 2407265792866632618, guid: 14489bb77b687f64eb89689731fc20d0, type: 3}
      propertyPath: m_LocalEulerAnglesHint.z
      value: 0
      objectReference: {fileID: 0}
    - target: {fileID: 3036415534921128208, guid: 14489bb77b687f64eb89689731fc20d0, type: 3}
      propertyPath: m_Name
      value: Rock05
      objectReference: {fileID: 0}
    - target: {fileID: 3036415534921128208, guid: 14489bb77b687f64eb89689731fc20d0, type: 3}
      propertyPath: m_Layer
      value: 12
      objectReference: {fileID: 0}
    - target: {fileID: 3036415534921128208, guid: 14489bb77b687f64eb89689731fc20d0, type: 3}
      propertyPath: m_IsActive
      value: 1
      objectReference: {fileID: 0}
    - target: {fileID: 3540814088686549189, guid: 14489bb77b687f64eb89689731fc20d0, type: 3}
      propertyPath: m_Materials.Array.data[0]
      value: 
      objectReference: {fileID: 2100000, guid: c42ff561d1ea6a246a8685bc488e1f53, type: 2}
    m_RemovedComponents: []
  m_SourcePrefab: {fileID: 100100000, guid: 14489bb77b687f64eb89689731fc20d0, type: 3}
--- !u!4 &4094724515926080544 stripped
Transform:
  m_CorrespondingSourceObject: {fileID: 2407265792866632618, guid: 14489bb77b687f64eb89689731fc20d0, type: 3}
  m_PrefabInstance: {fileID: 1854129802661379978}
  m_PrefabAsset: {fileID: 0}
--- !u!1001 &2386327053739240762
PrefabInstance:
  m_ObjectHideFlags: 0
  serializedVersion: 2
  m_Modification:
    m_TransformParent: {fileID: 5986814790611671401}
    m_Modifications:
    - target: {fileID: 7814817750950012521, guid: 5ba920a70f482f441ad14b3bc2775865, type: 3}
      propertyPath: m_Materials.Array.data[0]
      value: 
      objectReference: {fileID: 2100000, guid: c42ff561d1ea6a246a8685bc488e1f53, type: 2}
    - target: {fileID: 8607279554549335996, guid: 5ba920a70f482f441ad14b3bc2775865, type: 3}
      propertyPath: m_Name
      value: Rock01 (1)
      objectReference: {fileID: 0}
    - target: {fileID: 8607279554549335996, guid: 5ba920a70f482f441ad14b3bc2775865, type: 3}
      propertyPath: m_Layer
      value: 12
      objectReference: {fileID: 0}
    - target: {fileID: 8607279554549335996, guid: 5ba920a70f482f441ad14b3bc2775865, type: 3}
      propertyPath: m_IsActive
      value: 1
      objectReference: {fileID: 0}
    - target: {fileID: 8951154442616773894, guid: 5ba920a70f482f441ad14b3bc2775865, type: 3}
      propertyPath: m_RootOrder
      value: 11
      objectReference: {fileID: 0}
    - target: {fileID: 8951154442616773894, guid: 5ba920a70f482f441ad14b3bc2775865, type: 3}
      propertyPath: m_LocalScale.x
      value: 2.361
      objectReference: {fileID: 0}
    - target: {fileID: 8951154442616773894, guid: 5ba920a70f482f441ad14b3bc2775865, type: 3}
      propertyPath: m_LocalScale.y
      value: 3.2305562
      objectReference: {fileID: 0}
    - target: {fileID: 8951154442616773894, guid: 5ba920a70f482f441ad14b3bc2775865, type: 3}
      propertyPath: m_LocalScale.z
      value: 2.361
      objectReference: {fileID: 0}
    - target: {fileID: 8951154442616773894, guid: 5ba920a70f482f441ad14b3bc2775865, type: 3}
      propertyPath: m_LocalPosition.x
      value: -81.4
      objectReference: {fileID: 0}
    - target: {fileID: 8951154442616773894, guid: 5ba920a70f482f441ad14b3bc2775865, type: 3}
      propertyPath: m_LocalPosition.y
      value: -8.1
      objectReference: {fileID: 0}
    - target: {fileID: 8951154442616773894, guid: 5ba920a70f482f441ad14b3bc2775865, type: 3}
      propertyPath: m_LocalPosition.z
      value: 68.2
      objectReference: {fileID: 0}
    - target: {fileID: 8951154442616773894, guid: 5ba920a70f482f441ad14b3bc2775865, type: 3}
      propertyPath: m_LocalRotation.w
      value: -0.23147358
      objectReference: {fileID: 0}
    - target: {fileID: 8951154442616773894, guid: 5ba920a70f482f441ad14b3bc2775865, type: 3}
      propertyPath: m_LocalRotation.x
      value: -0.0000000050590594
      objectReference: {fileID: 0}
    - target: {fileID: 8951154442616773894, guid: 5ba920a70f482f441ad14b3bc2775865, type: 3}
      propertyPath: m_LocalRotation.y
      value: -0.9728412
      objectReference: {fileID: 0}
    - target: {fileID: 8951154442616773894, guid: 5ba920a70f482f441ad14b3bc2775865, type: 3}
      propertyPath: m_LocalRotation.z
      value: 0.00000017975819
      objectReference: {fileID: 0}
    - target: {fileID: 8951154442616773894, guid: 5ba920a70f482f441ad14b3bc2775865, type: 3}
      propertyPath: m_LocalEulerAnglesHint.x
      value: 0
      objectReference: {fileID: 0}
    - target: {fileID: 8951154442616773894, guid: 5ba920a70f482f441ad14b3bc2775865, type: 3}
      propertyPath: m_LocalEulerAnglesHint.y
      value: -206.768
      objectReference: {fileID: 0}
    - target: {fileID: 8951154442616773894, guid: 5ba920a70f482f441ad14b3bc2775865, type: 3}
      propertyPath: m_LocalEulerAnglesHint.z
      value: 0
      objectReference: {fileID: 0}
    m_RemovedComponents: []
  m_SourcePrefab: {fileID: 100100000, guid: 5ba920a70f482f441ad14b3bc2775865, type: 3}
--- !u!4 &6711784313209040956 stripped
Transform:
  m_CorrespondingSourceObject: {fileID: 8951154442616773894, guid: 5ba920a70f482f441ad14b3bc2775865, type: 3}
  m_PrefabInstance: {fileID: 2386327053739240762}
  m_PrefabAsset: {fileID: 0}
--- !u!1001 &2749143246383843759
PrefabInstance:
  m_ObjectHideFlags: 0
  serializedVersion: 2
  m_Modification:
    m_TransformParent: {fileID: 5986814790611671401}
    m_Modifications:
    - target: {fileID: 7814817750950012521, guid: 5ba920a70f482f441ad14b3bc2775865, type: 3}
      propertyPath: m_Materials.Array.data[0]
      value: 
      objectReference: {fileID: 2100000, guid: c42ff561d1ea6a246a8685bc488e1f53, type: 2}
    - target: {fileID: 8607279554549335996, guid: 5ba920a70f482f441ad14b3bc2775865, type: 3}
      propertyPath: m_Name
      value: Rock01 (4)
      objectReference: {fileID: 0}
    - target: {fileID: 8607279554549335996, guid: 5ba920a70f482f441ad14b3bc2775865, type: 3}
      propertyPath: m_Layer
      value: 12
      objectReference: {fileID: 0}
    - target: {fileID: 8607279554549335996, guid: 5ba920a70f482f441ad14b3bc2775865, type: 3}
      propertyPath: m_IsActive
      value: 1
      objectReference: {fileID: 0}
    - target: {fileID: 8951154442616773894, guid: 5ba920a70f482f441ad14b3bc2775865, type: 3}
      propertyPath: m_RootOrder
      value: 21
      objectReference: {fileID: 0}
    - target: {fileID: 8951154442616773894, guid: 5ba920a70f482f441ad14b3bc2775865, type: 3}
      propertyPath: m_LocalScale.x
      value: 2.361
      objectReference: {fileID: 0}
    - target: {fileID: 8951154442616773894, guid: 5ba920a70f482f441ad14b3bc2775865, type: 3}
      propertyPath: m_LocalScale.y
      value: 3.2305562
      objectReference: {fileID: 0}
    - target: {fileID: 8951154442616773894, guid: 5ba920a70f482f441ad14b3bc2775865, type: 3}
      propertyPath: m_LocalScale.z
      value: 2.361
      objectReference: {fileID: 0}
    - target: {fileID: 8951154442616773894, guid: 5ba920a70f482f441ad14b3bc2775865, type: 3}
      propertyPath: m_LocalPosition.x
      value: -51.8
      objectReference: {fileID: 0}
    - target: {fileID: 8951154442616773894, guid: 5ba920a70f482f441ad14b3bc2775865, type: 3}
      propertyPath: m_LocalPosition.y
      value: -0.94852
      objectReference: {fileID: 0}
    - target: {fileID: 8951154442616773894, guid: 5ba920a70f482f441ad14b3bc2775865, type: 3}
      propertyPath: m_LocalPosition.z
      value: 118
      objectReference: {fileID: 0}
    - target: {fileID: 8951154442616773894, guid: 5ba920a70f482f441ad14b3bc2775865, type: 3}
      propertyPath: m_LocalRotation.w
      value: 0.4788973
      objectReference: {fileID: 0}
    - target: {fileID: 8951154442616773894, guid: 5ba920a70f482f441ad14b3bc2775865, type: 3}
      propertyPath: m_LocalRotation.x
      value: 0.000000010466636
      objectReference: {fileID: 0}
    - target: {fileID: 8951154442616773894, guid: 5ba920a70f482f441ad14b3bc2775865, type: 3}
      propertyPath: m_LocalRotation.y
      value: -0.877871
      objectReference: {fileID: 0}
    - target: {fileID: 8951154442616773894, guid: 5ba920a70f482f441ad14b3bc2775865, type: 3}
      propertyPath: m_LocalRotation.z
      value: 0.00000016220986
      objectReference: {fileID: 0}
    - target: {fileID: 8951154442616773894, guid: 5ba920a70f482f441ad14b3bc2775865, type: 3}
      propertyPath: m_LocalEulerAnglesHint.x
      value: 0
      objectReference: {fileID: 0}
    - target: {fileID: 8951154442616773894, guid: 5ba920a70f482f441ad14b3bc2775865, type: 3}
      propertyPath: m_LocalEulerAnglesHint.y
      value: -122.773
      objectReference: {fileID: 0}
    - target: {fileID: 8951154442616773894, guid: 5ba920a70f482f441ad14b3bc2775865, type: 3}
      propertyPath: m_LocalEulerAnglesHint.z
      value: 0
      objectReference: {fileID: 0}
    m_RemovedComponents: []
  m_SourcePrefab: {fileID: 100100000, guid: 5ba920a70f482f441ad14b3bc2775865, type: 3}
--- !u!4 &6493637324256744617 stripped
Transform:
  m_CorrespondingSourceObject: {fileID: 8951154442616773894, guid: 5ba920a70f482f441ad14b3bc2775865, type: 3}
  m_PrefabInstance: {fileID: 2749143246383843759}
  m_PrefabAsset: {fileID: 0}
--- !u!1001 &2869779941641287762
PrefabInstance:
  m_ObjectHideFlags: 0
  serializedVersion: 2
  m_Modification:
    m_TransformParent: {fileID: 5986814790611671401}
    m_Modifications:
    - target: {fileID: 1469733734835454666, guid: 39d23666400394548bc2861522831c7a, type: 3}
      propertyPath: m_RootOrder
      value: 14
      objectReference: {fileID: 0}
    - target: {fileID: 1469733734835454666, guid: 39d23666400394548bc2861522831c7a, type: 3}
      propertyPath: m_LocalScale.x
      value: 2.2454
      objectReference: {fileID: 0}
    - target: {fileID: 1469733734835454666, guid: 39d23666400394548bc2861522831c7a, type: 3}
      propertyPath: m_LocalScale.y
      value: 1.2638009
      objectReference: {fileID: 0}
    - target: {fileID: 1469733734835454666, guid: 39d23666400394548bc2861522831c7a, type: 3}
      propertyPath: m_LocalScale.z
      value: 2.2454
      objectReference: {fileID: 0}
    - target: {fileID: 1469733734835454666, guid: 39d23666400394548bc2861522831c7a, type: 3}
      propertyPath: m_LocalPosition.x
      value: -55.8
      objectReference: {fileID: 0}
    - target: {fileID: 1469733734835454666, guid: 39d23666400394548bc2861522831c7a, type: 3}
      propertyPath: m_LocalPosition.y
      value: 10.9
      objectReference: {fileID: 0}
    - target: {fileID: 1469733734835454666, guid: 39d23666400394548bc2861522831c7a, type: 3}
      propertyPath: m_LocalPosition.z
      value: 156.5
      objectReference: {fileID: 0}
    - target: {fileID: 1469733734835454666, guid: 39d23666400394548bc2861522831c7a, type: 3}
      propertyPath: m_LocalRotation.w
      value: 0.64809483
      objectReference: {fileID: 0}
    - target: {fileID: 1469733734835454666, guid: 39d23666400394548bc2861522831c7a, type: 3}
      propertyPath: m_LocalRotation.x
      value: 0.000000014164577
      objectReference: {fileID: 0}
    - target: {fileID: 1469733734835454666, guid: 39d23666400394548bc2861522831c7a, type: 3}
      propertyPath: m_LocalRotation.y
      value: 0.7615597
      objectReference: {fileID: 0}
    - target: {fileID: 1469733734835454666, guid: 39d23666400394548bc2861522831c7a, type: 3}
      propertyPath: m_LocalRotation.z
      value: -0.00000014071836
      objectReference: {fileID: 0}
    - target: {fileID: 1469733734835454666, guid: 39d23666400394548bc2861522831c7a, type: 3}
      propertyPath: m_LocalEulerAnglesHint.x
      value: 0
      objectReference: {fileID: 0}
    - target: {fileID: 1469733734835454666, guid: 39d23666400394548bc2861522831c7a, type: 3}
      propertyPath: m_LocalEulerAnglesHint.y
      value: 99.204
      objectReference: {fileID: 0}
    - target: {fileID: 1469733734835454666, guid: 39d23666400394548bc2861522831c7a, type: 3}
      propertyPath: m_LocalEulerAnglesHint.z
      value: 0
      objectReference: {fileID: 0}
    - target: {fileID: 2246834040713173104, guid: 39d23666400394548bc2861522831c7a, type: 3}
      propertyPath: m_Name
      value: Rock08
      objectReference: {fileID: 0}
    - target: {fileID: 2246834040713173104, guid: 39d23666400394548bc2861522831c7a, type: 3}
      propertyPath: m_Layer
      value: 12
      objectReference: {fileID: 0}
    - target: {fileID: 2246834040713173104, guid: 39d23666400394548bc2861522831c7a, type: 3}
      propertyPath: m_IsActive
      value: 1
      objectReference: {fileID: 0}
    m_RemovedComponents: []
  m_SourcePrefab: {fileID: 100100000, guid: 39d23666400394548bc2861522831c7a, type: 3}
--- !u!4 &3726177482229381784 stripped
Transform:
  m_CorrespondingSourceObject: {fileID: 1469733734835454666, guid: 39d23666400394548bc2861522831c7a, type: 3}
  m_PrefabInstance: {fileID: 2869779941641287762}
  m_PrefabAsset: {fileID: 0}
--- !u!1001 &4204010702491987125
PrefabInstance:
  m_ObjectHideFlags: 0
  serializedVersion: 2
  m_Modification:
    m_TransformParent: {fileID: 5986814790611671401}
    m_Modifications:
    - target: {fileID: 7714129308592804449, guid: 3236f6119623837469b8324306926f27, type: 3}
      propertyPath: m_Materials.Array.data[0]
      value: 
      objectReference: {fileID: 2100000, guid: c42ff561d1ea6a246a8685bc488e1f53, type: 2}
    - target: {fileID: 8074650443608044468, guid: 3236f6119623837469b8324306926f27, type: 3}
      propertyPath: m_Name
      value: Rock02
      objectReference: {fileID: 0}
    - target: {fileID: 8074650443608044468, guid: 3236f6119623837469b8324306926f27, type: 3}
      propertyPath: m_Layer
      value: 12
      objectReference: {fileID: 0}
    - target: {fileID: 8074650443608044468, guid: 3236f6119623837469b8324306926f27, type: 3}
      propertyPath: m_IsActive
      value: 1
      objectReference: {fileID: 0}
    - target: {fileID: 8882571125876680974, guid: 3236f6119623837469b8324306926f27, type: 3}
      propertyPath: m_RootOrder
      value: 2
      objectReference: {fileID: 0}
    - target: {fileID: 8882571125876680974, guid: 3236f6119623837469b8324306926f27, type: 3}
      propertyPath: m_LocalScale.x
      value: 6.3954406
      objectReference: {fileID: 0}
    - target: {fileID: 8882571125876680974, guid: 3236f6119623837469b8324306926f27, type: 3}
      propertyPath: m_LocalScale.y
      value: 6.3954406
      objectReference: {fileID: 0}
    - target: {fileID: 8882571125876680974, guid: 3236f6119623837469b8324306926f27, type: 3}
      propertyPath: m_LocalScale.z
      value: 6.3954406
      objectReference: {fileID: 0}
    - target: {fileID: 8882571125876680974, guid: 3236f6119623837469b8324306926f27, type: 3}
      propertyPath: m_LocalPosition.x
      value: 57.7
      objectReference: {fileID: 0}
    - target: {fileID: 8882571125876680974, guid: 3236f6119623837469b8324306926f27, type: 3}
      propertyPath: m_LocalPosition.y
      value: 0.4
      objectReference: {fileID: 0}
    - target: {fileID: 8882571125876680974, guid: 3236f6119623837469b8324306926f27, type: 3}
      propertyPath: m_LocalPosition.z
      value: 124.5
      objectReference: {fileID: 0}
    - target: {fileID: 8882571125876680974, guid: 3236f6119623837469b8324306926f27, type: 3}
      propertyPath: m_LocalRotation.w
      value: 0.8059692
      objectReference: {fileID: 0}
    - target: {fileID: 8882571125876680974, guid: 3236f6119623837469b8324306926f27, type: 3}
      propertyPath: m_LocalRotation.x
      value: 0.000000017614953
      objectReference: {fileID: 0}
    - target: {fileID: 8882571125876680974, guid: 3236f6119623837469b8324306926f27, type: 3}
      propertyPath: m_LocalRotation.y
      value: 0.59195757
      objectReference: {fileID: 0}
    - target: {fileID: 8882571125876680974, guid: 3236f6119623837469b8324306926f27, type: 3}
      propertyPath: m_LocalRotation.z
      value: -0.000000109379826
      objectReference: {fileID: 0}
    - target: {fileID: 8882571125876680974, guid: 3236f6119623837469b8324306926f27, type: 3}
      propertyPath: m_LocalEulerAnglesHint.x
      value: 0
      objectReference: {fileID: 0}
    - target: {fileID: 8882571125876680974, guid: 3236f6119623837469b8324306926f27, type: 3}
      propertyPath: m_LocalEulerAnglesHint.y
      value: 72.592
      objectReference: {fileID: 0}
    - target: {fileID: 8882571125876680974, guid: 3236f6119623837469b8324306926f27, type: 3}
      propertyPath: m_LocalEulerAnglesHint.z
      value: 0
      objectReference: {fileID: 0}
    m_RemovedComponents: []
  m_SourcePrefab: {fileID: 100100000, guid: 3236f6119623837469b8324306926f27, type: 3}
--- !u!4 &4688983976218248635 stripped
Transform:
  m_CorrespondingSourceObject: {fileID: 8882571125876680974, guid: 3236f6119623837469b8324306926f27, type: 3}
  m_PrefabInstance: {fileID: 4204010702491987125}
  m_PrefabAsset: {fileID: 0}
--- !u!1001 &4320191588768719522
PrefabInstance:
  m_ObjectHideFlags: 0
  serializedVersion: 2
  m_Modification:
    m_TransformParent: {fileID: 5986814790611671401}
    m_Modifications:
    - target: {fileID: -725729770185080101, guid: 5ba920a70f482f441ad14b3bc2775865, type: 3}
      propertyPath: m_Size.x
      value: 14.4275875
      objectReference: {fileID: 0}
    - target: {fileID: -725729770185080101, guid: 5ba920a70f482f441ad14b3bc2775865, type: 3}
      propertyPath: m_Size.y
      value: 4.021195
      objectReference: {fileID: 0}
    - target: {fileID: -725729770185080101, guid: 5ba920a70f482f441ad14b3bc2775865, type: 3}
      propertyPath: m_Size.z
      value: 19.442451
      objectReference: {fileID: 0}
    - target: {fileID: -725729770185080101, guid: 5ba920a70f482f441ad14b3bc2775865, type: 3}
      propertyPath: m_Center.x
      value: -0.6184181
      objectReference: {fileID: 0}
    - target: {fileID: -725729770185080101, guid: 5ba920a70f482f441ad14b3bc2775865, type: 3}
      propertyPath: m_Center.y
      value: 2.0105941
      objectReference: {fileID: 0}
    - target: {fileID: -725729770185080101, guid: 5ba920a70f482f441ad14b3bc2775865, type: 3}
      propertyPath: m_Center.z
      value: -0.63020253
      objectReference: {fileID: 0}
    - target: {fileID: 7126017403371558075, guid: 5ba920a70f482f441ad14b3bc2775865, type: 3}
      propertyPath: m_Center.x
      value: -0.6184181
      objectReference: {fileID: 0}
    - target: {fileID: 7126017403371558075, guid: 5ba920a70f482f441ad14b3bc2775865, type: 3}
      propertyPath: m_Center.y
      value: 2.010594
      objectReference: {fileID: 0}
    - target: {fileID: 7126017403371558075, guid: 5ba920a70f482f441ad14b3bc2775865, type: 3}
      propertyPath: m_Center.z
      value: -0.6302025
      objectReference: {fileID: 0}
    - target: {fileID: 7126017403371558075, guid: 5ba920a70f482f441ad14b3bc2775865, type: 3}
      propertyPath: m_Extents.x
      value: 7.213795
      objectReference: {fileID: 0}
    - target: {fileID: 7126017403371558075, guid: 5ba920a70f482f441ad14b3bc2775865, type: 3}
      propertyPath: m_Extents.y
      value: 2.0105975
      objectReference: {fileID: 0}
    - target: {fileID: 7126017403371558075, guid: 5ba920a70f482f441ad14b3bc2775865, type: 3}
      propertyPath: m_Extents.z
      value: 9.721225
      objectReference: {fileID: 0}
    - target: {fileID: 7814817750950012521, guid: 5ba920a70f482f441ad14b3bc2775865, type: 3}
      propertyPath: m_Materials.Array.data[0]
      value: 
      objectReference: {fileID: 2100000, guid: c42ff561d1ea6a246a8685bc488e1f53, type: 2}
    - target: {fileID: 8607279554549335996, guid: 5ba920a70f482f441ad14b3bc2775865, type: 3}
      propertyPath: m_Name
      value: Rock01 (3)
      objectReference: {fileID: 0}
    - target: {fileID: 8607279554549335996, guid: 5ba920a70f482f441ad14b3bc2775865, type: 3}
      propertyPath: m_Layer
      value: 12
      objectReference: {fileID: 0}
    - target: {fileID: 8607279554549335996, guid: 5ba920a70f482f441ad14b3bc2775865, type: 3}
      propertyPath: m_IsActive
      value: 1
      objectReference: {fileID: 0}
    - target: {fileID: 8951154442616773894, guid: 5ba920a70f482f441ad14b3bc2775865, type: 3}
      propertyPath: m_RootOrder
      value: 20
      objectReference: {fileID: 0}
    - target: {fileID: 8951154442616773894, guid: 5ba920a70f482f441ad14b3bc2775865, type: 3}
      propertyPath: m_LocalScale.x
      value: 2.4651203
      objectReference: {fileID: 0}
    - target: {fileID: 8951154442616773894, guid: 5ba920a70f482f441ad14b3bc2775865, type: 3}
      propertyPath: m_LocalScale.y
      value: 3.373024
      objectReference: {fileID: 0}
    - target: {fileID: 8951154442616773894, guid: 5ba920a70f482f441ad14b3bc2775865, type: 3}
      propertyPath: m_LocalScale.z
      value: 2.4651203
      objectReference: {fileID: 0}
    - target: {fileID: 8951154442616773894, guid: 5ba920a70f482f441ad14b3bc2775865, type: 3}
      propertyPath: m_LocalPosition.x
      value: -78.7
      objectReference: {fileID: 0}
    - target: {fileID: 8951154442616773894, guid: 5ba920a70f482f441ad14b3bc2775865, type: 3}
      propertyPath: m_LocalPosition.y
      value: 2.9
      objectReference: {fileID: 0}
    - target: {fileID: 8951154442616773894, guid: 5ba920a70f482f441ad14b3bc2775865, type: 3}
      propertyPath: m_LocalPosition.z
      value: 41.4
      objectReference: {fileID: 0}
    - target: {fileID: 8951154442616773894, guid: 5ba920a70f482f441ad14b3bc2775865, type: 3}
      propertyPath: m_LocalRotation.w
      value: 0.17143252
      objectReference: {fileID: 0}
    - target: {fileID: 8951154442616773894, guid: 5ba920a70f482f441ad14b3bc2775865, type: 3}
      propertyPath: m_LocalRotation.x
      value: -0.000000038788016
      objectReference: {fileID: 0}
    - target: {fileID: 8951154442616773894, guid: 5ba920a70f482f441ad14b3bc2775865, type: 3}
      propertyPath: m_LocalRotation.y
      value: -0.9851959
      objectReference: {fileID: 0}
    - target: {fileID: 8951154442616773894, guid: 5ba920a70f482f441ad14b3bc2775865, type: 3}
      propertyPath: m_LocalRotation.z
      value: 0.00000016046903
      objectReference: {fileID: 0}
    - target: {fileID: 8951154442616773894, guid: 5ba920a70f482f441ad14b3bc2775865, type: 3}
      propertyPath: m_LocalEulerAnglesHint.x
      value: 0
      objectReference: {fileID: 0}
    - target: {fileID: 8951154442616773894, guid: 5ba920a70f482f441ad14b3bc2775865, type: 3}
      propertyPath: m_LocalEulerAnglesHint.y
      value: -160.258
      objectReference: {fileID: 0}
    - target: {fileID: 8951154442616773894, guid: 5ba920a70f482f441ad14b3bc2775865, type: 3}
      propertyPath: m_LocalEulerAnglesHint.z
      value: 0
      objectReference: {fileID: 0}
    m_RemovedComponents: []
  m_SourcePrefab: {fileID: 100100000, guid: 5ba920a70f482f441ad14b3bc2775865, type: 3}
--- !u!4 &5173656126665113508 stripped
Transform:
  m_CorrespondingSourceObject: {fileID: 8951154442616773894, guid: 5ba920a70f482f441ad14b3bc2775865, type: 3}
  m_PrefabInstance: {fileID: 4320191588768719522}
  m_PrefabAsset: {fileID: 0}
--- !u!1001 &4425122477323183224
PrefabInstance:
  m_ObjectHideFlags: 0
  serializedVersion: 2
  m_Modification:
    m_TransformParent: {fileID: 5986814790611671401}
    m_Modifications:
    - target: {fileID: -9189857504366195510, guid: 14489bb77b687f64eb89689731fc20d0, type: 3}
      propertyPath: m_Center.z
      value: 1.987619
      objectReference: {fileID: 0}
    - target: {fileID: -9189857504366195510, guid: 14489bb77b687f64eb89689731fc20d0, type: 3}
      propertyPath: m_Extents.z
      value: 18.10409
      objectReference: {fileID: 0}
    - target: {fileID: -6192402751806441330, guid: 14489bb77b687f64eb89689731fc20d0, type: 3}
      propertyPath: m_Size.y
      value: 15.74423
      objectReference: {fileID: 0}
    - target: {fileID: -6192402751806441330, guid: 14489bb77b687f64eb89689731fc20d0, type: 3}
      propertyPath: m_Size.z
      value: 36.20818
      objectReference: {fileID: 0}
    - target: {fileID: -6192402751806441330, guid: 14489bb77b687f64eb89689731fc20d0, type: 3}
      propertyPath: m_Center.x
      value: -0.24193807
      objectReference: {fileID: 0}
    - target: {fileID: -6192402751806441330, guid: 14489bb77b687f64eb89689731fc20d0, type: 3}
      propertyPath: m_Center.y
      value: 7.8721128
      objectReference: {fileID: 0}
    - target: {fileID: -6192402751806441330, guid: 14489bb77b687f64eb89689731fc20d0, type: 3}
      propertyPath: m_Center.z
      value: 1.9876194
      objectReference: {fileID: 0}
    - target: {fileID: 2407265792866632618, guid: 14489bb77b687f64eb89689731fc20d0, type: 3}
      propertyPath: m_RootOrder
      value: 19
      objectReference: {fileID: 0}
    - target: {fileID: 2407265792866632618, guid: 14489bb77b687f64eb89689731fc20d0, type: 3}
      propertyPath: m_LocalScale.x
      value: 1.9891487
      objectReference: {fileID: 0}
    - target: {fileID: 2407265792866632618, guid: 14489bb77b687f64eb89689731fc20d0, type: 3}
      propertyPath: m_LocalScale.y
      value: 1.5101616
      objectReference: {fileID: 0}
    - target: {fileID: 2407265792866632618, guid: 14489bb77b687f64eb89689731fc20d0, type: 3}
      propertyPath: m_LocalScale.z
      value: 1.9891487
      objectReference: {fileID: 0}
    - target: {fileID: 2407265792866632618, guid: 14489bb77b687f64eb89689731fc20d0, type: 3}
      propertyPath: m_LocalPosition.x
      value: 93.55826
      objectReference: {fileID: 0}
    - target: {fileID: 2407265792866632618, guid: 14489bb77b687f64eb89689731fc20d0, type: 3}
      propertyPath: m_LocalPosition.y
      value: -10.8
      objectReference: {fileID: 0}
    - target: {fileID: 2407265792866632618, guid: 14489bb77b687f64eb89689731fc20d0, type: 3}
      propertyPath: m_LocalPosition.z
      value: 29.49979
      objectReference: {fileID: 0}
    - target: {fileID: 2407265792866632618, guid: 14489bb77b687f64eb89689731fc20d0, type: 3}
      propertyPath: m_LocalRotation.w
      value: 0.8886408
      objectReference: {fileID: 0}
    - target: {fileID: 2407265792866632618, guid: 14489bb77b687f64eb89689731fc20d0, type: 3}
      propertyPath: m_LocalRotation.x
      value: 0.00000004779915
      objectReference: {fileID: 0}
    - target: {fileID: 2407265792866632618, guid: 14489bb77b687f64eb89689731fc20d0, type: 3}
      propertyPath: m_LocalRotation.y
      value: 0.45860395
      objectReference: {fileID: 0}
    - target: {fileID: 2407265792866632618, guid: 14489bb77b687f64eb89689731fc20d0, type: 3}
      propertyPath: m_LocalRotation.z
      value: -0.000000115928664
      objectReference: {fileID: 0}
    - target: {fileID: 2407265792866632618, guid: 14489bb77b687f64eb89689731fc20d0, type: 3}
      propertyPath: m_LocalEulerAnglesHint.x
      value: 0
      objectReference: {fileID: 0}
    - target: {fileID: 2407265792866632618, guid: 14489bb77b687f64eb89689731fc20d0, type: 3}
      propertyPath: m_LocalEulerAnglesHint.y
      value: 54.594
      objectReference: {fileID: 0}
    - target: {fileID: 2407265792866632618, guid: 14489bb77b687f64eb89689731fc20d0, type: 3}
      propertyPath: m_LocalEulerAnglesHint.z
      value: 0
      objectReference: {fileID: 0}
    - target: {fileID: 3036415534921128208, guid: 14489bb77b687f64eb89689731fc20d0, type: 3}
      propertyPath: m_Name
      value: Rock05 (5)
      objectReference: {fileID: 0}
    - target: {fileID: 3036415534921128208, guid: 14489bb77b687f64eb89689731fc20d0, type: 3}
      propertyPath: m_Layer
      value: 12
      objectReference: {fileID: 0}
    - target: {fileID: 3036415534921128208, guid: 14489bb77b687f64eb89689731fc20d0, type: 3}
      propertyPath: m_IsActive
      value: 1
      objectReference: {fileID: 0}
    - target: {fileID: 3540814088686549189, guid: 14489bb77b687f64eb89689731fc20d0, type: 3}
      propertyPath: m_Materials.Array.data[0]
      value: 
      objectReference: {fileID: 2100000, guid: c42ff561d1ea6a246a8685bc488e1f53, type: 2}
    m_RemovedComponents: []
  m_SourcePrefab: {fileID: 100100000, guid: 14489bb77b687f64eb89689731fc20d0, type: 3}
--- !u!4 &2018001900371322834 stripped
Transform:
  m_CorrespondingSourceObject: {fileID: 2407265792866632618, guid: 14489bb77b687f64eb89689731fc20d0, type: 3}
  m_PrefabInstance: {fileID: 4425122477323183224}
  m_PrefabAsset: {fileID: 0}
--- !u!1001 &4990661643111694851
PrefabInstance:
  m_ObjectHideFlags: 0
  serializedVersion: 2
  m_Modification:
    m_TransformParent: {fileID: 5986814790611671401}
    m_Modifications:
    - target: {fileID: 372197104409143745, guid: 07f4a80f6fe43da4eaa2fbe0583953a5, type: 3}
      propertyPath: m_RootOrder
      value: 5
      objectReference: {fileID: 0}
    - target: {fileID: 372197104409143745, guid: 07f4a80f6fe43da4eaa2fbe0583953a5, type: 3}
      propertyPath: m_LocalScale.x
      value: 2.0070431
      objectReference: {fileID: 0}
    - target: {fileID: 372197104409143745, guid: 07f4a80f6fe43da4eaa2fbe0583953a5, type: 3}
      propertyPath: m_LocalScale.y
      value: 0.13122442
      objectReference: {fileID: 0}
    - target: {fileID: 372197104409143745, guid: 07f4a80f6fe43da4eaa2fbe0583953a5, type: 3}
      propertyPath: m_LocalScale.z
      value: 1.5801
      objectReference: {fileID: 0}
    - target: {fileID: 372197104409143745, guid: 07f4a80f6fe43da4eaa2fbe0583953a5, type: 3}
      propertyPath: m_LocalPosition.x
      value: 94.9
      objectReference: {fileID: 0}
    - target: {fileID: 372197104409143745, guid: 07f4a80f6fe43da4eaa2fbe0583953a5, type: 3}
      propertyPath: m_LocalPosition.y
      value: 2.3
      objectReference: {fileID: 0}
    - target: {fileID: 372197104409143745, guid: 07f4a80f6fe43da4eaa2fbe0583953a5, type: 3}
      propertyPath: m_LocalPosition.z
      value: 82.6
      objectReference: {fileID: 0}
    - target: {fileID: 372197104409143745, guid: 07f4a80f6fe43da4eaa2fbe0583953a5, type: 3}
      propertyPath: m_LocalRotation.w
      value: -0.5665792
      objectReference: {fileID: 0}
    - target: {fileID: 372197104409143745, guid: 07f4a80f6fe43da4eaa2fbe0583953a5, type: 3}
      propertyPath: m_LocalRotation.x
      value: -0.000000012383062
      objectReference: {fileID: 0}
    - target: {fileID: 372197104409143745, guid: 07f4a80f6fe43da4eaa2fbe0583953a5, type: 3}
      propertyPath: m_LocalRotation.y
      value: 0.82400733
      objectReference: {fileID: 0}
    - target: {fileID: 372197104409143745, guid: 07f4a80f6fe43da4eaa2fbe0583953a5, type: 3}
      propertyPath: m_LocalRotation.z
      value: -0.00000015225753
      objectReference: {fileID: 0}
    - target: {fileID: 372197104409143745, guid: 07f4a80f6fe43da4eaa2fbe0583953a5, type: 3}
      propertyPath: m_LocalEulerAnglesHint.x
      value: 0
      objectReference: {fileID: 0}
    - target: {fileID: 372197104409143745, guid: 07f4a80f6fe43da4eaa2fbe0583953a5, type: 3}
      propertyPath: m_LocalEulerAnglesHint.y
      value: 249.024
      objectReference: {fileID: 0}
    - target: {fileID: 372197104409143745, guid: 07f4a80f6fe43da4eaa2fbe0583953a5, type: 3}
      propertyPath: m_LocalEulerAnglesHint.z
      value: 0
      objectReference: {fileID: 0}
    - target: {fileID: 1036285207919735675, guid: 07f4a80f6fe43da4eaa2fbe0583953a5, type: 3}
      propertyPath: m_Name
      value: Rock07
      objectReference: {fileID: 0}
    - target: {fileID: 1036285207919735675, guid: 07f4a80f6fe43da4eaa2fbe0583953a5, type: 3}
      propertyPath: m_Layer
      value: 12
      objectReference: {fileID: 0}
    - target: {fileID: 1036285207919735675, guid: 07f4a80f6fe43da4eaa2fbe0583953a5, type: 3}
      propertyPath: m_IsActive
      value: 1
      objectReference: {fileID: 0}
    - target: {fileID: 1540622051195458222, guid: 07f4a80f6fe43da4eaa2fbe0583953a5, type: 3}
      propertyPath: m_Materials.Array.data[0]
      value: 
      objectReference: {fileID: 2100000, guid: c42ff561d1ea6a246a8685bc488e1f53, type: 2}
    m_RemovedComponents: []
  m_SourcePrefab: {fileID: 100100000, guid: 07f4a80f6fe43da4eaa2fbe0583953a5, type: 3}
--- !u!4 &4641006806631148482 stripped
Transform:
  m_CorrespondingSourceObject: {fileID: 372197104409143745, guid: 07f4a80f6fe43da4eaa2fbe0583953a5, type: 3}
  m_PrefabInstance: {fileID: 4990661643111694851}
  m_PrefabAsset: {fileID: 0}
--- !u!1001 &5742224396351293542
PrefabInstance:
  m_ObjectHideFlags: 0
  serializedVersion: 2
  m_Modification:
    m_TransformParent: {fileID: 5986814790611671401}
    m_Modifications:
    - target: {fileID: 1469733734835454666, guid: 39d23666400394548bc2861522831c7a, type: 3}
      propertyPath: m_RootOrder
      value: 16
      objectReference: {fileID: 0}
    - target: {fileID: 1469733734835454666, guid: 39d23666400394548bc2861522831c7a, type: 3}
      propertyPath: m_LocalScale.x
      value: 3.199246
      objectReference: {fileID: 0}
    - target: {fileID: 1469733734835454666, guid: 39d23666400394548bc2861522831c7a, type: 3}
      propertyPath: m_LocalScale.y
      value: 1.7161224
      objectReference: {fileID: 0}
    - target: {fileID: 1469733734835454666, guid: 39d23666400394548bc2861522831c7a, type: 3}
      propertyPath: m_LocalScale.z
      value: 3.199246
      objectReference: {fileID: 0}
    - target: {fileID: 1469733734835454666, guid: 39d23666400394548bc2861522831c7a, type: 3}
      propertyPath: m_LocalPosition.x
      value: 1.5
      objectReference: {fileID: 0}
    - target: {fileID: 1469733734835454666, guid: 39d23666400394548bc2861522831c7a, type: 3}
      propertyPath: m_LocalPosition.y
      value: 11.821
      objectReference: {fileID: 0}
    - target: {fileID: 1469733734835454666, guid: 39d23666400394548bc2861522831c7a, type: 3}
      propertyPath: m_LocalPosition.z
      value: 176.4
      objectReference: {fileID: 0}
    - target: {fileID: 1469733734835454666, guid: 39d23666400394548bc2861522831c7a, type: 3}
      propertyPath: m_LocalRotation.w
      value: 0.64809483
      objectReference: {fileID: 0}
    - target: {fileID: 1469733734835454666, guid: 39d23666400394548bc2861522831c7a, type: 3}
      propertyPath: m_LocalRotation.x
      value: 0.000000014164577
      objectReference: {fileID: 0}
    - target: {fileID: 1469733734835454666, guid: 39d23666400394548bc2861522831c7a, type: 3}
      propertyPath: m_LocalRotation.y
      value: 0.7615597
      objectReference: {fileID: 0}
    - target: {fileID: 1469733734835454666, guid: 39d23666400394548bc2861522831c7a, type: 3}
      propertyPath: m_LocalRotation.z
      value: -0.00000014071836
      objectReference: {fileID: 0}
    - target: {fileID: 1469733734835454666, guid: 39d23666400394548bc2861522831c7a, type: 3}
      propertyPath: m_LocalEulerAnglesHint.x
      value: 0
      objectReference: {fileID: 0}
    - target: {fileID: 1469733734835454666, guid: 39d23666400394548bc2861522831c7a, type: 3}
      propertyPath: m_LocalEulerAnglesHint.y
      value: 99.204
      objectReference: {fileID: 0}
    - target: {fileID: 1469733734835454666, guid: 39d23666400394548bc2861522831c7a, type: 3}
      propertyPath: m_LocalEulerAnglesHint.z
      value: 0
      objectReference: {fileID: 0}
    - target: {fileID: 2246834040713173104, guid: 39d23666400394548bc2861522831c7a, type: 3}
      propertyPath: m_Name
      value: Rock08 (1)
      objectReference: {fileID: 0}
    - target: {fileID: 2246834040713173104, guid: 39d23666400394548bc2861522831c7a, type: 3}
      propertyPath: m_Layer
      value: 12
      objectReference: {fileID: 0}
    - target: {fileID: 2246834040713173104, guid: 39d23666400394548bc2861522831c7a, type: 3}
      propertyPath: m_IsActive
      value: 1
      objectReference: {fileID: 0}
    m_RemovedComponents: []
  m_SourcePrefab: {fileID: 100100000, guid: 39d23666400394548bc2861522831c7a, type: 3}
--- !u!4 &6617460902597708460 stripped
Transform:
  m_CorrespondingSourceObject: {fileID: 1469733734835454666, guid: 39d23666400394548bc2861522831c7a, type: 3}
  m_PrefabInstance: {fileID: 5742224396351293542}
  m_PrefabAsset: {fileID: 0}
--- !u!1001 &5961228825187719406
PrefabInstance:
  m_ObjectHideFlags: 0
  serializedVersion: 2
  m_Modification:
    m_TransformParent: {fileID: 5986814790611671401}
    m_Modifications:
    - target: {fileID: 3358163516386118854, guid: 6fbed3ce82db8364fb6c9f2ba70e6b97, type: 3}
      propertyPath: m_Materials.Array.data[0]
      value: 
      objectReference: {fileID: 2100000, guid: c42ff561d1ea6a246a8685bc488e1f53, type: 2}
    - target: {fileID: 3862517953374235923, guid: 6fbed3ce82db8364fb6c9f2ba70e6b97, type: 3}
      propertyPath: m_Name
      value: Rock04
      objectReference: {fileID: 0}
    - target: {fileID: 3862517953374235923, guid: 6fbed3ce82db8364fb6c9f2ba70e6b97, type: 3}
      propertyPath: m_Layer
      value: 12
      objectReference: {fileID: 0}
    - target: {fileID: 3862517953374235923, guid: 6fbed3ce82db8364fb6c9f2ba70e6b97, type: 3}
      propertyPath: m_IsActive
      value: 1
      objectReference: {fileID: 0}
    - target: {fileID: 4526604922560509865, guid: 6fbed3ce82db8364fb6c9f2ba70e6b97, type: 3}
      propertyPath: m_RootOrder
      value: 4
      objectReference: {fileID: 0}
    - target: {fileID: 4526604922560509865, guid: 6fbed3ce82db8364fb6c9f2ba70e6b97, type: 3}
      propertyPath: m_LocalScale.x
      value: 1.9321
      objectReference: {fileID: 0}
    - target: {fileID: 4526604922560509865, guid: 6fbed3ce82db8364fb6c9f2ba70e6b97, type: 3}
      propertyPath: m_LocalScale.y
      value: 1.8508359
      objectReference: {fileID: 0}
    - target: {fileID: 4526604922560509865, guid: 6fbed3ce82db8364fb6c9f2ba70e6b97, type: 3}
      propertyPath: m_LocalScale.z
      value: 1.9321
      objectReference: {fileID: 0}
    - target: {fileID: 4526604922560509865, guid: 6fbed3ce82db8364fb6c9f2ba70e6b97, type: 3}
      propertyPath: m_LocalPosition.x
      value: -88.2
      objectReference: {fileID: 0}
    - target: {fileID: 4526604922560509865, guid: 6fbed3ce82db8364fb6c9f2ba70e6b97, type: 3}
      propertyPath: m_LocalPosition.y
      value: -10.7
      objectReference: {fileID: 0}
    - target: {fileID: 4526604922560509865, guid: 6fbed3ce82db8364fb6c9f2ba70e6b97, type: 3}
      propertyPath: m_LocalPosition.z
      value: 93.5
      objectReference: {fileID: 0}
    - target: {fileID: 4526604922560509865, guid: 6fbed3ce82db8364fb6c9f2ba70e6b97, type: 3}
      propertyPath: m_LocalRotation.w
      value: 0.9969858
      objectReference: {fileID: 0}
    - target: {fileID: 4526604922560509865, guid: 6fbed3ce82db8364fb6c9f2ba70e6b97, type: 3}
      propertyPath: m_LocalRotation.x
      value: 0.000000021789724
      objectReference: {fileID: 0}
    - target: {fileID: 4526604922560509865, guid: 6fbed3ce82db8364fb6c9f2ba70e6b97, type: 3}
      propertyPath: m_LocalRotation.y
      value: 0.07758528
      objectReference: {fileID: 0}
    - target: {fileID: 4526604922560509865, guid: 6fbed3ce82db8364fb6c9f2ba70e6b97, type: 3}
      propertyPath: m_LocalRotation.z
      value: -0.000000014335859
      objectReference: {fileID: 0}
    - target: {fileID: 4526604922560509865, guid: 6fbed3ce82db8364fb6c9f2ba70e6b97, type: 3}
      propertyPath: m_LocalEulerAnglesHint.x
      value: 0
      objectReference: {fileID: 0}
    - target: {fileID: 4526604922560509865, guid: 6fbed3ce82db8364fb6c9f2ba70e6b97, type: 3}
      propertyPath: m_LocalEulerAnglesHint.y
      value: 8.9
      objectReference: {fileID: 0}
    - target: {fileID: 4526604922560509865, guid: 6fbed3ce82db8364fb6c9f2ba70e6b97, type: 3}
      propertyPath: m_LocalEulerAnglesHint.z
      value: 0
      objectReference: {fileID: 0}
    m_RemovedComponents: []
  m_SourcePrefab: {fileID: 100100000, guid: 6fbed3ce82db8364fb6c9f2ba70e6b97, type: 3}
--- !u!4 &7812392103679553351 stripped
Transform:
  m_CorrespondingSourceObject: {fileID: 4526604922560509865, guid: 6fbed3ce82db8364fb6c9f2ba70e6b97, type: 3}
  m_PrefabInstance: {fileID: 5961228825187719406}
  m_PrefabAsset: {fileID: 0}
--- !u!1001 &6059854423331561944
PrefabInstance:
  m_ObjectHideFlags: 0
  serializedVersion: 2
  m_Modification:
    m_TransformParent: {fileID: 5986814790611671401}
    m_Modifications:
    - target: {fileID: 7027391313051824910, guid: 83475cb545909ac4db9a9cfacdb318c6, type: 3}
      propertyPath: m_Name
      value: Rock03
      objectReference: {fileID: 0}
    - target: {fileID: 7027391313051824910, guid: 83475cb545909ac4db9a9cfacdb318c6, type: 3}
      propertyPath: m_Layer
      value: 12
      objectReference: {fileID: 0}
    - target: {fileID: 7027391313051824910, guid: 83475cb545909ac4db9a9cfacdb318c6, type: 3}
      propertyPath: m_IsActive
      value: 1
      objectReference: {fileID: 0}
    - target: {fileID: 7695982737105021364, guid: 83475cb545909ac4db9a9cfacdb318c6, type: 3}
      propertyPath: m_RootOrder
      value: 3
      objectReference: {fileID: 0}
    - target: {fileID: 7695982737105021364, guid: 83475cb545909ac4db9a9cfacdb318c6, type: 3}
      propertyPath: m_LocalScale.x
      value: 2.4328
      objectReference: {fileID: 0}
    - target: {fileID: 7695982737105021364, guid: 83475cb545909ac4db9a9cfacdb318c6, type: 3}
      propertyPath: m_LocalScale.y
      value: 1.7658528
      objectReference: {fileID: 0}
    - target: {fileID: 7695982737105021364, guid: 83475cb545909ac4db9a9cfacdb318c6, type: 3}
      propertyPath: m_LocalScale.z
      value: 2.4328
      objectReference: {fileID: 0}
    - target: {fileID: 7695982737105021364, guid: 83475cb545909ac4db9a9cfacdb318c6, type: 3}
      propertyPath: m_LocalPosition.x
      value: 76.4
      objectReference: {fileID: 0}
    - target: {fileID: 7695982737105021364, guid: 83475cb545909ac4db9a9cfacdb318c6, type: 3}
      propertyPath: m_LocalPosition.y
      value: -2.7
      objectReference: {fileID: 0}
    - target: {fileID: 7695982737105021364, guid: 83475cb545909ac4db9a9cfacdb318c6, type: 3}
      propertyPath: m_LocalPosition.z
      value: 105.5
      objectReference: {fileID: 0}
    - target: {fileID: 7695982737105021364, guid: 83475cb545909ac4db9a9cfacdb318c6, type: 3}
      propertyPath: m_LocalRotation.w
      value: 0.9169835
      objectReference: {fileID: 0}
    - target: {fileID: 7695982737105021364, guid: 83475cb545909ac4db9a9cfacdb318c6, type: 3}
      propertyPath: m_LocalRotation.x
      value: 0.000000020041375
      objectReference: {fileID: 0}
    - target: {fileID: 7695982737105021364, guid: 83475cb545909ac4db9a9cfacdb318c6, type: 3}
      propertyPath: m_LocalRotation.y
      value: 0.3989251
      objectReference: {fileID: 0}
    - target: {fileID: 7695982737105021364, guid: 83475cb545909ac4db9a9cfacdb318c6, type: 3}
      propertyPath: m_LocalRotation.z
      value: -0.00000007371194
      objectReference: {fileID: 0}
    - target: {fileID: 7695982737105021364, guid: 83475cb545909ac4db9a9cfacdb318c6, type: 3}
      propertyPath: m_LocalEulerAnglesHint.x
      value: 0
      objectReference: {fileID: 0}
    - target: {fileID: 7695982737105021364, guid: 83475cb545909ac4db9a9cfacdb318c6, type: 3}
      propertyPath: m_LocalEulerAnglesHint.y
      value: 47.022
      objectReference: {fileID: 0}
    - target: {fileID: 7695982737105021364, guid: 83475cb545909ac4db9a9cfacdb318c6, type: 3}
      propertyPath: m_LocalEulerAnglesHint.z
      value: 0
      objectReference: {fileID: 0}
    - target: {fileID: 8828941321163051739, guid: 83475cb545909ac4db9a9cfacdb318c6, type: 3}
      propertyPath: m_Materials.Array.data[0]
      value: 
      objectReference: {fileID: 2100000, guid: c42ff561d1ea6a246a8685bc488e1f53, type: 2}
    m_RemovedComponents: []
  m_SourcePrefab: {fileID: 100100000, guid: 83475cb545909ac4db9a9cfacdb318c6, type: 3}
--- !u!4 &4527651426778679404 stripped
Transform:
  m_CorrespondingSourceObject: {fileID: 7695982737105021364, guid: 83475cb545909ac4db9a9cfacdb318c6, type: 3}
  m_PrefabInstance: {fileID: 6059854423331561944}
  m_PrefabAsset: {fileID: 0}
--- !u!1001 &6505104304486205968
PrefabInstance:
  m_ObjectHideFlags: 0
  serializedVersion: 2
  m_Modification:
    m_TransformParent: {fileID: 5986814790611671401}
    m_Modifications:
    - target: {fileID: 2407265792866632618, guid: 14489bb77b687f64eb89689731fc20d0, type: 3}
      propertyPath: m_RootOrder
      value: 10
      objectReference: {fileID: 0}
    - target: {fileID: 2407265792866632618, guid: 14489bb77b687f64eb89689731fc20d0, type: 3}
      propertyPath: m_LocalScale.x
      value: 1.9891487
      objectReference: {fileID: 0}
    - target: {fileID: 2407265792866632618, guid: 14489bb77b687f64eb89689731fc20d0, type: 3}
      propertyPath: m_LocalScale.y
      value: 1.9891487
      objectReference: {fileID: 0}
    - target: {fileID: 2407265792866632618, guid: 14489bb77b687f64eb89689731fc20d0, type: 3}
      propertyPath: m_LocalScale.z
      value: 1.9891487
      objectReference: {fileID: 0}
    - target: {fileID: 2407265792866632618, guid: 14489bb77b687f64eb89689731fc20d0, type: 3}
      propertyPath: m_LocalPosition.x
      value: 27.724005
      objectReference: {fileID: 0}
    - target: {fileID: 2407265792866632618, guid: 14489bb77b687f64eb89689731fc20d0, type: 3}
      propertyPath: m_LocalPosition.y
      value: -11.499999
      objectReference: {fileID: 0}
    - target: {fileID: 2407265792866632618, guid: 14489bb77b687f64eb89689731fc20d0, type: 3}
      propertyPath: m_LocalPosition.z
      value: 146.26392
      objectReference: {fileID: 0}
    - target: {fileID: 2407265792866632618, guid: 14489bb77b687f64eb89689731fc20d0, type: 3}
      propertyPath: m_LocalRotation.w
      value: 0.84473664
      objectReference: {fileID: 0}
    - target: {fileID: 2407265792866632618, guid: 14489bb77b687f64eb89689731fc20d0, type: 3}
      propertyPath: m_LocalRotation.x
      value: 0.000000018462252
      objectReference: {fileID: 0}
    - target: {fileID: 2407265792866632618, guid: 14489bb77b687f64eb89689731fc20d0, type: 3}
      propertyPath: m_LocalRotation.y
      value: 0.53518224
      objectReference: {fileID: 0}
    - target: {fileID: 2407265792866632618, guid: 14489bb77b687f64eb89689731fc20d0, type: 3}
      propertyPath: m_LocalRotation.z
      value: -0.00000009888909
      objectReference: {fileID: 0}
    - target: {fileID: 2407265792866632618, guid: 14489bb77b687f64eb89689731fc20d0, type: 3}
      propertyPath: m_LocalEulerAnglesHint.x
      value: 0
      objectReference: {fileID: 0}
    - target: {fileID: 2407265792866632618, guid: 14489bb77b687f64eb89689731fc20d0, type: 3}
      propertyPath: m_LocalEulerAnglesHint.y
      value: 64.713
      objectReference: {fileID: 0}
    - target: {fileID: 2407265792866632618, guid: 14489bb77b687f64eb89689731fc20d0, type: 3}
      propertyPath: m_LocalEulerAnglesHint.z
      value: 0
      objectReference: {fileID: 0}
    - target: {fileID: 3036415534921128208, guid: 14489bb77b687f64eb89689731fc20d0, type: 3}
      propertyPath: m_Name
      value: Rock05 (2)
      objectReference: {fileID: 0}
    - target: {fileID: 3036415534921128208, guid: 14489bb77b687f64eb89689731fc20d0, type: 3}
      propertyPath: m_Layer
      value: 12
      objectReference: {fileID: 0}
    - target: {fileID: 3036415534921128208, guid: 14489bb77b687f64eb89689731fc20d0, type: 3}
      propertyPath: m_IsActive
      value: 1
      objectReference: {fileID: 0}
    - target: {fileID: 3540814088686549189, guid: 14489bb77b687f64eb89689731fc20d0, type: 3}
      propertyPath: m_Materials.Array.data[0]
      value: 
      objectReference: {fileID: 2100000, guid: c42ff561d1ea6a246a8685bc488e1f53, type: 2}
    m_RemovedComponents: []
  m_SourcePrefab: {fileID: 100100000, guid: 14489bb77b687f64eb89689731fc20d0, type: 3}
--- !u!4 &8876197519869086138 stripped
Transform:
  m_CorrespondingSourceObject: {fileID: 2407265792866632618, guid: 14489bb77b687f64eb89689731fc20d0, type: 3}
  m_PrefabInstance: {fileID: 6505104304486205968}
  m_PrefabAsset: {fileID: 0}
--- !u!1001 &7463173339169031337
PrefabInstance:
  m_ObjectHideFlags: 0
  serializedVersion: 2
  m_Modification:
    m_TransformParent: {fileID: 5986814790611671401}
    m_Modifications:
    - target: {fileID: 2407265792866632618, guid: 14489bb77b687f64eb89689731fc20d0, type: 3}
      propertyPath: m_RootOrder
      value: 13
      objectReference: {fileID: 0}
    - target: {fileID: 2407265792866632618, guid: 14489bb77b687f64eb89689731fc20d0, type: 3}
      propertyPath: m_LocalScale.x
      value: 1.9891487
      objectReference: {fileID: 0}
    - target: {fileID: 2407265792866632618, guid: 14489bb77b687f64eb89689731fc20d0, type: 3}
      propertyPath: m_LocalScale.y
      value: 1.1476921
      objectReference: {fileID: 0}
    - target: {fileID: 2407265792866632618, guid: 14489bb77b687f64eb89689731fc20d0, type: 3}
      propertyPath: m_LocalScale.z
      value: 1.9891487
      objectReference: {fileID: 0}
    - target: {fileID: 2407265792866632618, guid: 14489bb77b687f64eb89689731fc20d0, type: 3}
      propertyPath: m_LocalPosition.x
      value: 55.6
      objectReference: {fileID: 0}
    - target: {fileID: 2407265792866632618, guid: 14489bb77b687f64eb89689731fc20d0, type: 3}
      propertyPath: m_LocalPosition.y
      value: 10.7
      objectReference: {fileID: 0}
    - target: {fileID: 2407265792866632618, guid: 14489bb77b687f64eb89689731fc20d0, type: 3}
      propertyPath: m_LocalPosition.z
      value: 160
      objectReference: {fileID: 0}
    - target: {fileID: 2407265792866632618, guid: 14489bb77b687f64eb89689731fc20d0, type: 3}
      propertyPath: m_LocalRotation.w
      value: 0.5275436
      objectReference: {fileID: 0}
    - target: {fileID: 2407265792866632618, guid: 14489bb77b687f64eb89689731fc20d0, type: 3}
      propertyPath: m_LocalRotation.x
      value: 0.000000011529832
      objectReference: {fileID: 0}
    - target: {fileID: 2407265792866632618, guid: 14489bb77b687f64eb89689731fc20d0, type: 3}
      propertyPath: m_LocalRotation.y
      value: 0.849528
      objectReference: {fileID: 0}
    - target: {fileID: 2407265792866632618, guid: 14489bb77b687f64eb89689731fc20d0, type: 3}
      propertyPath: m_LocalRotation.z
      value: -0.00000015697282
      objectReference: {fileID: 0}
    - target: {fileID: 2407265792866632618, guid: 14489bb77b687f64eb89689731fc20d0, type: 3}
      propertyPath: m_LocalEulerAnglesHint.x
      value: 0
      objectReference: {fileID: 0}
    - target: {fileID: 2407265792866632618, guid: 14489bb77b687f64eb89689731fc20d0, type: 3}
      propertyPath: m_LocalEulerAnglesHint.y
      value: 116.321
      objectReference: {fileID: 0}
    - target: {fileID: 2407265792866632618, guid: 14489bb77b687f64eb89689731fc20d0, type: 3}
      propertyPath: m_LocalEulerAnglesHint.z
      value: 0
      objectReference: {fileID: 0}
    - target: {fileID: 3036415534921128208, guid: 14489bb77b687f64eb89689731fc20d0, type: 3}
      propertyPath: m_Name
      value: Rock05 (3)
      objectReference: {fileID: 0}
    - target: {fileID: 3036415534921128208, guid: 14489bb77b687f64eb89689731fc20d0, type: 3}
      propertyPath: m_Layer
      value: 12
      objectReference: {fileID: 0}
    - target: {fileID: 3036415534921128208, guid: 14489bb77b687f64eb89689731fc20d0, type: 3}
      propertyPath: m_IsActive
      value: 1
      objectReference: {fileID: 0}
    - target: {fileID: 3540814088686549189, guid: 14489bb77b687f64eb89689731fc20d0, type: 3}
      propertyPath: m_Materials.Array.data[0]
      value: 
      objectReference: {fileID: 2100000, guid: c42ff561d1ea6a246a8685bc488e1f53, type: 2}
    m_RemovedComponents: []
  m_SourcePrefab: {fileID: 100100000, guid: 14489bb77b687f64eb89689731fc20d0, type: 3}
--- !u!4 &5114637717150746371 stripped
Transform:
  m_CorrespondingSourceObject: {fileID: 2407265792866632618, guid: 14489bb77b687f64eb89689731fc20d0, type: 3}
  m_PrefabInstance: {fileID: 7463173339169031337}
  m_PrefabAsset: {fileID: 0}
--- !u!1001 &7790730734073482856
PrefabInstance:
  m_ObjectHideFlags: 0
  serializedVersion: 2
  m_Modification:
    m_TransformParent: {fileID: 5986814790611671401}
    m_Modifications:
    - target: {fileID: 7814817750950012521, guid: 5ba920a70f482f441ad14b3bc2775865, type: 3}
      propertyPath: m_Materials.Array.data[0]
      value: 
      objectReference: {fileID: 2100000, guid: c42ff561d1ea6a246a8685bc488e1f53, type: 2}
    - target: {fileID: 8607279554549335996, guid: 5ba920a70f482f441ad14b3bc2775865, type: 3}
      propertyPath: m_Name
      value: Rock01
      objectReference: {fileID: 0}
    - target: {fileID: 8607279554549335996, guid: 5ba920a70f482f441ad14b3bc2775865, type: 3}
      propertyPath: m_Layer
      value: 12
      objectReference: {fileID: 0}
    - target: {fileID: 8607279554549335996, guid: 5ba920a70f482f441ad14b3bc2775865, type: 3}
      propertyPath: m_IsActive
      value: 1
      objectReference: {fileID: 0}
    - target: {fileID: 8951154442616773894, guid: 5ba920a70f482f441ad14b3bc2775865, type: 3}
      propertyPath: m_RootOrder
      value: 1
      objectReference: {fileID: 0}
    - target: {fileID: 8951154442616773894, guid: 5ba920a70f482f441ad14b3bc2775865, type: 3}
      propertyPath: m_LocalScale.x
      value: 2.361
      objectReference: {fileID: 0}
    - target: {fileID: 8951154442616773894, guid: 5ba920a70f482f441ad14b3bc2775865, type: 3}
      propertyPath: m_LocalScale.y
      value: 3.2305562
      objectReference: {fileID: 0}
    - target: {fileID: 8951154442616773894, guid: 5ba920a70f482f441ad14b3bc2775865, type: 3}
      propertyPath: m_LocalScale.z
      value: 2.361
      objectReference: {fileID: 0}
    - target: {fileID: 8951154442616773894, guid: 5ba920a70f482f441ad14b3bc2775865, type: 3}
      propertyPath: m_LocalPosition.x
      value: -51.8
      objectReference: {fileID: 0}
    - target: {fileID: 8951154442616773894, guid: 5ba920a70f482f441ad14b3bc2775865, type: 3}
      propertyPath: m_LocalPosition.y
      value: -0.94852
      objectReference: {fileID: 0}
    - target: {fileID: 8951154442616773894, guid: 5ba920a70f482f441ad14b3bc2775865, type: 3}
      propertyPath: m_LocalPosition.z
      value: 118
      objectReference: {fileID: 0}
    - target: {fileID: 8951154442616773894, guid: 5ba920a70f482f441ad14b3bc2775865, type: 3}
      propertyPath: m_LocalRotation.w
      value: 0.4788973
      objectReference: {fileID: 0}
    - target: {fileID: 8951154442616773894, guid: 5ba920a70f482f441ad14b3bc2775865, type: 3}
      propertyPath: m_LocalRotation.x
      value: 0.000000010466636
      objectReference: {fileID: 0}
    - target: {fileID: 8951154442616773894, guid: 5ba920a70f482f441ad14b3bc2775865, type: 3}
      propertyPath: m_LocalRotation.y
      value: -0.877871
      objectReference: {fileID: 0}
    - target: {fileID: 8951154442616773894, guid: 5ba920a70f482f441ad14b3bc2775865, type: 3}
      propertyPath: m_LocalRotation.z
      value: 0.00000016220986
      objectReference: {fileID: 0}
    - target: {fileID: 8951154442616773894, guid: 5ba920a70f482f441ad14b3bc2775865, type: 3}
      propertyPath: m_LocalEulerAnglesHint.x
      value: 0
      objectReference: {fileID: 0}
    - target: {fileID: 8951154442616773894, guid: 5ba920a70f482f441ad14b3bc2775865, type: 3}
      propertyPath: m_LocalEulerAnglesHint.y
      value: -122.773
      objectReference: {fileID: 0}
    - target: {fileID: 8951154442616773894, guid: 5ba920a70f482f441ad14b3bc2775865, type: 3}
      propertyPath: m_LocalEulerAnglesHint.z
      value: 0
      objectReference: {fileID: 0}
    m_RemovedComponents: []
  m_SourcePrefab: {fileID: 100100000, guid: 5ba920a70f482f441ad14b3bc2775865, type: 3}
--- !u!4 &1163863676973618030 stripped
Transform:
  m_CorrespondingSourceObject: {fileID: 8951154442616773894, guid: 5ba920a70f482f441ad14b3bc2775865, type: 3}
  m_PrefabInstance: {fileID: 7790730734073482856}
  m_PrefabAsset: {fileID: 0}
--- !u!1001 &7943262293272441946
PrefabInstance:
  m_ObjectHideFlags: 0
  serializedVersion: 2
  m_Modification:
    m_TransformParent: {fileID: 5986814790611671401}
    m_Modifications:
    - target: {fileID: 4691307883121197087, guid: bb54040128fa95342932900df037d677, type: 3}
      propertyPath: m_RootOrder
      value: 8
      objectReference: {fileID: 0}
    - target: {fileID: 4691307883121197087, guid: bb54040128fa95342932900df037d677, type: 3}
      propertyPath: m_LocalScale.x
      value: 6.5823774
      objectReference: {fileID: 0}
    - target: {fileID: 4691307883121197087, guid: bb54040128fa95342932900df037d677, type: 3}
      propertyPath: m_LocalScale.y
      value: 1.6753519
      objectReference: {fileID: 0}
    - target: {fileID: 4691307883121197087, guid: bb54040128fa95342932900df037d677, type: 3}
      propertyPath: m_LocalScale.z
      value: 6.5823774
      objectReference: {fileID: 0}
    - target: {fileID: 4691307883121197087, guid: bb54040128fa95342932900df037d677, type: 3}
      propertyPath: m_LocalPosition.x
      value: 85.7
      objectReference: {fileID: 0}
    - target: {fileID: 4691307883121197087, guid: bb54040128fa95342932900df037d677, type: 3}
      propertyPath: m_LocalPosition.y
      value: 3.6
      objectReference: {fileID: 0}
    - target: {fileID: 4691307883121197087, guid: bb54040128fa95342932900df037d677, type: 3}
      propertyPath: m_LocalPosition.z
      value: 120.5
      objectReference: {fileID: 0}
    - target: {fileID: 4691307883121197087, guid: bb54040128fa95342932900df037d677, type: 3}
      propertyPath: m_LocalRotation.w
      value: 0.3977467
      objectReference: {fileID: 0}
    - target: {fileID: 4691307883121197087, guid: bb54040128fa95342932900df037d677, type: 3}
      propertyPath: m_LocalRotation.x
      value: 0.00000000869295
      objectReference: {fileID: 0}
    - target: {fileID: 4691307883121197087, guid: bb54040128fa95342932900df037d677, type: 3}
      propertyPath: m_LocalRotation.y
      value: 0.91749525
      objectReference: {fileID: 0}
    - target: {fileID: 4691307883121197087, guid: bb54040128fa95342932900df037d677, type: 3}
      propertyPath: m_LocalRotation.z
      value: -0.00000016953138
      objectReference: {fileID: 0}
    - target: {fileID: 4691307883121197087, guid: bb54040128fa95342932900df037d677, type: 3}
      propertyPath: m_LocalEulerAnglesHint.x
      value: 0
      objectReference: {fileID: 0}
    - target: {fileID: 4691307883121197087, guid: bb54040128fa95342932900df037d677, type: 3}
      propertyPath: m_LocalEulerAnglesHint.y
      value: 133.125
      objectReference: {fileID: 0}
    - target: {fileID: 4691307883121197087, guid: bb54040128fa95342932900df037d677, type: 3}
      propertyPath: m_LocalEulerAnglesHint.z
      value: 0
      objectReference: {fileID: 0}
    - target: {fileID: 5355077952979442341, guid: bb54040128fa95342932900df037d677, type: 3}
      propertyPath: m_Name
      value: Rock06
      objectReference: {fileID: 0}
    - target: {fileID: 5355077952979442341, guid: bb54040128fa95342932900df037d677, type: 3}
      propertyPath: m_Layer
      value: 12
      objectReference: {fileID: 0}
    - target: {fileID: 5355077952979442341, guid: bb54040128fa95342932900df037d677, type: 3}
      propertyPath: m_IsActive
      value: 1
      objectReference: {fileID: 0}
    - target: {fileID: 5859732281227361136, guid: bb54040128fa95342932900df037d677, type: 3}
      propertyPath: m_Materials.Array.data[0]
      value: 
      objectReference: {fileID: 2100000, guid: c42ff561d1ea6a246a8685bc488e1f53, type: 2}
    m_RemovedComponents: []
  m_SourcePrefab: {fileID: 100100000, guid: bb54040128fa95342932900df037d677, type: 3}
--- !u!4 &3397681499492840517 stripped
Transform:
  m_CorrespondingSourceObject: {fileID: 4691307883121197087, guid: bb54040128fa95342932900df037d677, type: 3}
  m_PrefabInstance: {fileID: 7943262293272441946}
  m_PrefabAsset: {fileID: 0}
--- !u!1001 &9161315084910435289
PrefabInstance:
  m_ObjectHideFlags: 0
  serializedVersion: 2
  m_Modification:
    m_TransformParent: {fileID: 5986814790611671401}
    m_Modifications:
    - target: {fileID: 6088767952207902993, guid: 11b77b994d28a0543b0beed2f97cb919, type: 3}
      propertyPath: m_RootOrder
      value: 0
      objectReference: {fileID: 0}
    - target: {fileID: 6088767952207902993, guid: 11b77b994d28a0543b0beed2f97cb919, type: 3}
      propertyPath: m_LocalPosition.x
      value: 0
      objectReference: {fileID: 0}
    - target: {fileID: 6088767952207902993, guid: 11b77b994d28a0543b0beed2f97cb919, type: 3}
      propertyPath: m_LocalPosition.y
      value: -0
      objectReference: {fileID: 0}
    - target: {fileID: 6088767952207902993, guid: 11b77b994d28a0543b0beed2f97cb919, type: 3}
      propertyPath: m_LocalPosition.z
      value: -9.7
      objectReference: {fileID: 0}
    - target: {fileID: 6088767952207902993, guid: 11b77b994d28a0543b0beed2f97cb919, type: 3}
      propertyPath: m_LocalRotation.w
      value: 1
      objectReference: {fileID: 0}
    - target: {fileID: 6088767952207902993, guid: 11b77b994d28a0543b0beed2f97cb919, type: 3}
      propertyPath: m_LocalRotation.x
      value: 0.000000021855694
      objectReference: {fileID: 0}
    - target: {fileID: 6088767952207902993, guid: 11b77b994d28a0543b0beed2f97cb919, type: 3}
      propertyPath: m_LocalRotation.y
      value: 0
      objectReference: {fileID: 0}
    - target: {fileID: 6088767952207902993, guid: 11b77b994d28a0543b0beed2f97cb919, type: 3}
      propertyPath: m_LocalRotation.z
      value: -0
      objectReference: {fileID: 0}
    - target: {fileID: 6088767952207902993, guid: 11b77b994d28a0543b0beed2f97cb919, type: 3}
      propertyPath: m_LocalEulerAnglesHint.x
      value: 0
      objectReference: {fileID: 0}
    - target: {fileID: 6088767952207902993, guid: 11b77b994d28a0543b0beed2f97cb919, type: 3}
      propertyPath: m_LocalEulerAnglesHint.y
      value: 0
      objectReference: {fileID: 0}
    - target: {fileID: 6088767952207902993, guid: 11b77b994d28a0543b0beed2f97cb919, type: 3}
      propertyPath: m_LocalEulerAnglesHint.z
      value: 0
      objectReference: {fileID: 0}
    - target: {fileID: 6860238552388740011, guid: 11b77b994d28a0543b0beed2f97cb919, type: 3}
      propertyPath: m_Name
      value: Ground
      objectReference: {fileID: 0}
    - target: {fileID: 6860238552388740011, guid: 11b77b994d28a0543b0beed2f97cb919, type: 3}
      propertyPath: m_Layer
      value: 12
      objectReference: {fileID: 0}
    - target: {fileID: 6860238552388740011, guid: 11b77b994d28a0543b0beed2f97cb919, type: 3}
      propertyPath: m_IsActive
      value: 1
      objectReference: {fileID: 0}
    m_RemovedComponents: []
  m_SourcePrefab: {fileID: 100100000, guid: 11b77b994d28a0543b0beed2f97cb919, type: 3}
--- !u!4 &3124409310019445448 stripped
Transform:
  m_CorrespondingSourceObject: {fileID: 6088767952207902993, guid: 11b77b994d28a0543b0beed2f97cb919, type: 3}
  m_PrefabInstance: {fileID: 9161315084910435289}
  m_PrefabAsset: {fileID: 0}
